Workbook
Name \a: #REF!
Name \a: #REF!
Name \a: #REF!
Name \a: #REF!
Name \a: #REF!
Name \a: #REF!
Name \a: #REF!
Name \a: #REF!
Name \a: #REF!
Name \b: #REF!
Name \b: #REF!
Name \b: #REF!
Name \b: #REF!
Name \b: #REF!
Name \b: #REF!
Name \b: #REF!
Name \b: #REF!
Name \b: #REF!
Name \c: #REF!
Name \c: #REF!
Name \c: #REF!
Name \c: #REF!
Name \c: #REF!
Name \c: #REF!
Name \c: #REF!
Name \c: #REF!
Name \c: #REF!
Name \l: #REF!
Name \l: #REF!
Name \l: #REF!
Name \l: #REF!
Name \l: #REF!
Name \l: #REF!
Name \l: #REF!
Name \l: #REF!
Name \l: #REF!
Name A_impresión_IM: #REF!
Name A_impresión_IM: #REF!
Name A_impresión_IM: #REF!
Name A_impresión_IM: #REF!
Name A_impresión_IM: #REF!
Name A_impresión_IM: #REF!
Name A_impresión_IM: #REF!
Name A_impresión_IM: #REF!
Name A_impresión_IM: #REF!
Name aiu_mat: [1]PRESUPUESTO!$AD$891
Name BASURA: [2]ANEXO2!$B$90:$M$133
Name campamentos: [1]PRESUPUESTO!$AD$883
Name carreteras: #REF!
Name carreteras: #REF!
Name CONTRATACIÓN: #REF!
Name CONTRATACIÓN: #REF!
Name CONTRATACIÓN: #REF!
Name CONTRATACIÓN: #REF!
Name CONTRATACIÓN: #REF!
Name CONTRATACIÓN: #REF!
Name CONTRATACIÓN: #REF!
Name CONTRATACIÓN: #REF!
Name CONTRATACIÓN: #REF!
Name CUAESTRUCT: #REF!

Sheet Datos
A1: DATOS GENERALES
A2: Objeto | B2: CONTRATAR MEDIANTE EL SISTEMA DE PRECIOS UNITARIOS A MONTO AGOTABLE, LAS OBRAS DE REHABILITACIÓN Y/O CONSERVACIÓN Y/O MEJORAMIENTO Y/O MANTENIMIENTO DE PARQUES DE PROXIMIDAD DE LA LOCALIDAD DE USME
A3: No de Proceso | B3: FDLU-LP-010-2024 (117411)
A4: Presupuesto Oficial | B4: 3108643000
A5: Presupuesto Solicitado
A6: Fecha de Cierre del Proceso | B6: 45590
A7: Comité Evaluador - Técnico | B7: Edwin López
B8: Fabián Benavides
B9: Juan José Londoño
B10: Hader Rodríguez
B11: Paula Lara
B12: Jhon Santofimio
A13: Comité Evaluador - Económico
A15: Comité Evaluador - Financiero
A17: Comité Evaluador - Consolidado

Sheet Listas
A2: PROPONENTE | B2: SMMLV 2023 | C2: Método | D2: Rango (inclusive) | E2: Rango (inclusive) | F2: Método
A3: Persona Natural | B3: 1160000 | C3: Mediana con Valor Absoluto | D3: De 0.00 a 0.33 | E3: 0 | F3: Mediana con Valor Absoluto
A4: Persona Juridica | C4: Media Geométrica con presupuesto oficial | D4: De 0.34 a 0.67 | E4: 0.01 | F4: Mediana con Valor Absoluto
A5: Consorcio | C5: Media Aritmética | D5: De 0.68 a 0.99 | E5: 0.02 | F5: Mediana con Valor Absoluto
A6: Union Temporal | E6: 0.03 | F6: Mediana con Valor Absoluto
E7: 0.04 | F7: Mediana con Valor Absoluto
E8: 0.05 | F8: Mediana con Valor Absoluto
E9: 0.06 | F9: Mediana con Valor Absoluto
E10: 0.07 | F10: Mediana con Valor Absoluto
E11: 0.08 | F11: Mediana con Valor Absoluto
E12: 0.09 | F12: Mediana con Valor Absoluto
E13: 0.1 | F13: Mediana con Valor Absoluto
E14: 0.11 | F14: Mediana con Valor Absoluto
E15: 0.12 | F15: Mediana con Valor Absoluto
E16: 0.13 | F16: Mediana con Valor Absoluto
E17: 0.14 | F17: Mediana con Valor Absoluto
E18: 0.15 | F18: Mediana con Valor Absoluto
... E102: 0.99 | F102: Media Aritmética

Sheet 1. Exp.Habilitante  - 18
B2: FONDO DE DESARROLLO LOCAL DE USME
B3: FORMATO: EVALUACIÓN EXPERIENCIA MINIMA HABILITANTE PROPONENTES
B4: LICITACIÓN PÚBLICA
B5: =Datos!B3 -> FDLU-LP-010-2024 (117411)
B7: OBJETO: | E7: CONTRATAR MEDIANTE EL SISTEMA DE PRECIOS UNITARIOS A MONTO AGOTABLE, LAS OBRAS DE REHABILITACIÓN Y/O CONSERVACIÓN Y/O MEJORAMIENTO Y/O MANTENIMIENTO DE PARQUES DE PROXIMIDAD DE LA LOCALIDAD DE USME
B9: 1. | C9: CONSORCIO INNFRA RECREA DEPORTE DISTRITAL
G11: CUMPLE
B14: PROPONENTE (Persona Natural, Jurídica, Consorcio o Unión Temporal): | E14: CONSORCIO INNFRA RECREA DEPORTE DISTRITAL | I14: INTEGRANTE 1: | K14: INNOVACIÓN E INFRAESRUCTURA S.A.S – INNFRA S.A.S | O14: PORCENTAJE DE PARTICIPACIÓN: | R14: 0.75
I15: INTEGRANTE 2: | K15: RENOSTER S.A.S. | O15: PORCENTAJE DE PARTICIPACIÓN: | R15: 0.25
I16: INTEGRANTE 3: | O16: PORCENTAJE DE PARTICIPACIÓN:
B18: PRESUPUESTO OFICIAL ESTIMADO: | E18: =Datos!B4 -> 3108643000 | G18: PRESUPUESTO OFICIAL EN SMLMV 2024 SOLICITADO: | J18: 1.2 | K18: =((E18/1300000)*J18) -> 2869.5166
B19: REQUISITO: | E19: (-) Experiencia General: CONSTRUCCIÓN Y/O RECONSTRUCCIÓN Y/O AMPLIACIÓN Y/O TERMINACIÓN Y/O REHABILITACIÓN Y/O MEJORAMIENTO Y/O MANTENIMIENTO Y/O ADECUACIÓN DE PARQUES CONSTRUCCIÓN Y/O RECONSTRUCCIÓN Y/O AMPLIACIÓN Y/O TERMINACIÓN Y/O REHABILITACIÓN Y/O MEJORAMIENTO Y/O MANTENIMIENTO Y/O ADECUACIÓN DE ESPACIO PÚBLICO " Nota 1: Para el caso de experiencia de ESPACIO PÚBLICO se excluyen de estos las vías destinadas al tránsito vehicular, así como la conservación y/o preservación de playas marítimas. Nota 2: En el caso en el cual el proceso de selección contemple actividades de dotación de mobiliario, la experiencia válida aportada deberá acreditar en por lo menos uno (1) de los contratos actividades de suministro e instalación de mobiliario. (-) Experiencia Especifica: Con la sumatoria de hasta máximo dos (2) de los contratos válidos aportados como experiencia general debe corresponder mínimo al (F70%) del presupuesto oficial del presente proceso de selección. % DE DIMENSIONAMIENTO (Según la magnitud requerida en el proceso de contratación) Valor de F%: 70% (-) Experiencia Secundaria: ESPECÍFICA URBANISMO Y/O PAISAJISMO Por lo menos uno (1) de los contratos válidos aportados como experiencia general deben contemplar actividades de: CONSTRUCCIÓN Y/O MEJORAMIENTO Y/O REHABILITACIÓN Y/O MANTENIMIENTO Y/O ADECUACIÓN Y/O REFORZAMIENTO Y/O INTERVENCIÓN PARA URBANISMO Y/O PAISAJISMO Y/O PARQUES Y/O ESPACIO PÚBLICO.
B20: CÓDIGOS RUP SOLICITADOS | D20: 3 | E20: 72101500 | F20: 72141300 | G20: 72153100 | S20: Conteo de Codigos | T20: Cumple / NO Cumple
B21: CÓDIGOS RUP: | D21: Contrato 1 | E21: X | S21: =COUNTA(E21:R21) -> 1 | T21: =IF(S21>=1,"CUMPLE","NO CUMPLE") -> CUMPLE
B22: CÓDIGOS RUP: | D22: Contrato 2 | E22: X | S22: =COUNTA(E22:R22) -> 1 | T22: =IF(S22>=1,"CUMPLE","NO CUMPLE") -> CUMPLE
B23: CÓDIGOS RUP: | D23: Contrato 3 | E23: X | S23: =COUNTA(E23:R23) -> 1 | T23: =IF(S23>=1,"CUMPLE","NO CUMPLE") -> CUMPLE
B24: CÓDIGOS RUP: | D24: Contrato 4 | E24: X | F24: X | G24: X | S24: =COUNTA(E24:R24) -> 3 | T24: =IF(S24>=1,"CUMPLE","NO CUMPLE") -> CUMPLE
B25: CONSOLIDADO | E25: =IF(E24>0,1,0) -> 1 | F25: =IF(F24>0,1,0) -> 1 | G25: =IF(G24>0,1,0) -> 1 | H25: =IF(H24>0,1,0) -> 0 | I25: =IF(I24>0,1,0) -> 0 | J25: =IF(J24>0,1,0) -> 0 | K25: =IF(K24>0,1,0) -> 0 | L25: =IF(L24>0,1,0) -> 0 | ... R25: =IF(R24>0,1,0) -> 0 | S25: =SUM(E25:R25) -> 3 | T25: =IF(S25>=1,"CUMPLE","NO CUMPLE") -> CUMPLE
B27: EXPERIENCIA GENERAL
B28: No. | C28: NÚMERO DEL CONSECUTIVO DEL REPORTE DEL CONTRATO EJECUTADO (Escriba el No. de consecutivo asignado por la Camara de Comercio al contrato en el RUP) | D28: # PAGINA DEL RUP (PDF) DONDE SE ENCUENTRA EL CONSECUTIVO | E28: ENTIDAD CONTRATANTE (Escriba el Nombre de la entidad con la cual suscribió la experiencia ante la Camara de Comercio.) | F28: OBJETO DEL CONTRATO (Indique tal como aparece en la certificación y/o acta de liquidación, y/o acta de terminación) | I28: Experiencia General CUMPLE / NO CUMPLE | J28: Experiencia General (Intervención parques o espacio público) CUMPLE / NO CUMPLE | K28: Experiencia Especifica CUMPLE / NO CUMPLE | L28: NOMBRE DEL ARCHIVO SOPORTE APORTADO PARA VALIDAR LOS REQUERIMIENTOS SOLICITADOS. (Certificaciones, Contratos, Acta de Liquidacion y/o Facturas y/o cualquier otro documento que considere necesario) | N28: CODIGOS CLASIFICACIÓN UNSPSC CUMPLE / NO CUMPLE | O28: NOMBRE PARTICIPANTE QUE APORTA LA EXPERIENCIA | P28: % PARTICIPACION EN EL CONSORCIO O UNIÓN TEMPORAL | Q28: VALOR DEL CONTRATO EN SMMLV RELACIONADOS EN EL RUP | R28: VALOR DEL CONTRATO EN SMMLV X PORCENTAJE PARTICIPACIÓN | S28: OBSERVACIONES
B30: 1 | C30: 38 | D30: 57 | E30: MUNICIPIO DE MEDELLÍN | F30: CONSTRUCCIÒN DEL PASEO CARABOBO ENTRE CALLES 53 AVENIDA DE GEIFF Y CALLE 44 SAN JUAN | I30: CUMPLE | J30: CUMPLE | K30: CUMPLE | L30: CERTIFICACIÓN CON ÁREAS Y CANTIDADES | N30: CUMPLE | O30: RENOSTER S.A.S. | P30: 1 | Q30: 5237.19 | R30: =Q30*P30 -> 5237.19
B31: 2 | C31: 35 | D31: 53 | E31: ALCALDÍA DE MEDELLÍN - SECRETARÍA DE OBRAS PÚBLICAS | F31: CONSTRUCCION OBRAS DE URBANISMO DEL ESPACIO PUBLICO JARDIN BOTÁNICO, PRIMERA ETAPA | I31: CUMPLE | J31: CUMPLE | K31: CUMPLE | L31: CERTIFICACIÓN CON ÁREAS Y CANTIDADES | N31: CUMPLE | O31: RENOSTER S.A.S. | P31: 1 | Q31: 4378.98 | R31: =Q31*P31 -> 4378.98
B32: 3 | C32: 31 | D32: 49 | E32: ALCALDÍA DE MEDELLÍN - SECRETARÍA DE OBRAS PÚBLICAS | F32: CONSTRUCCION DE OBRAS DE URBANISMO DEL ESPACIO PUBLICO JARDIN BOTANICO, SEGUNDA ETAPA | I32: CUMPLE | J32: CUMPLE | K32: CUMPLE | L32: CERTIFICACIÓN CON ÁREAS Y CANTIDADES | N32: CUMPLE | O32: RENOSTER S.A.S. | P32: 1 | Q32: 3800.6 | R32: =Q32*P32 -> 3800.6
B33: 4 | C33: 72 | D33: 143 | E33: AGUAS BOGOTÁ S.A. ESP | F33: REALIZAR LOS ESTUDIOS, DISEÑOS E INTERVENCIONES REQUERIDAS PARA CUMPLIR EL OBJETO DEL CONVENIO INTERADMINISTRATIVO SDA-CD-20181442 DEL SENDERO DEL FILO JUAN REY AL INTERIOR DEL PARQUE ECOLÓGICO DISTRITAL DE MONTAÑA ENTRENUBES (PEDEN). | I33: CUMPLE | J33: CUMPLE | K33: CUMPLE | L33: CERTIFICACIÓN CON ÁREAS Y ACTIVIDADES REALIZADAS | N33: CUMPLE | O33: INNOVACIÓN E INFRAESRUCTURA S.A.S – INNFRA S.A.S | P33: 1 | Q33: 3292.31 | R33: =Q33*P33 -> 3292.31
B35: VALOR SUMATORIA CONTRATOS ACREDITADOS PARA EXPERIENCIA HABILITANTE DEL PROPONENTE: | R35: =SUM(R30:R33) -> 16709.08 | S35: =IF(R35>K18,"CUMPLE","NO CUMPLE") -> CUMPLE
Q37: 0.7 | R37: =(E18+Q37)/R38 -> 2391.2638
R38: 1300000
B50: NOTAS: 1. Para acreditar la experiencia el oferente deberá adjuntar las Actas de Liquidación o Acta de entrega o terminación o final o de recibo definitivo o Certificación de experienci o Acta de inicio o la orden de inicio, y adicional cualquier otro documento por medio del cual se soporte el cumplimiento de las condiciones de experiencia solicitadas en el Proceso. 2. En caso de encontrar discrepancias entre los valores reportados en el Formato y los registrados en el RUP, la Entidad tendrá en cuenta el orden de prevalencia realacionadoa anteriormente.

Sheet 2. K-Residual - 18
A1: FONDO DE DESARROLLO LOCAL DE USME
A2: LICITACIÓN PÚBLICA
A3: K-RESIDUAL
A4: =Datos!B3 -> FDLU-LP-010-2024 (117411)
A6: OBJETO | D6: =Datos!B2 -> CONTRATAR MEDIANTE EL SISTEMA DE PRECIOS UNITARIOS A MONTO AGOTABLE, LAS OBRAS DE REHABILITACIÓN Y/O CONSERVACIÓN Y/O MEJORAMIENTO Y/O MANTENIMIENTO DE PARQUES DE PROXIMIDAD DE LA LOCALIDAD DE USME
A8: POE (Presupuesto Oficial Estimado) | E8: =Datos!B4 -> 3108643000
A9: CAPACIDAD RESIDUAL DEL PROCESO DE CONTRATACIÓN (CRPC) | E9: =Datos!B4-E8*E11 -> 3108643000
A10: PLAZO (meses) | E10: 9
A11: ANTICIPO | E11: 0
A13: No. | B13: PROPONENTE | C13: Comp. % | D13: USO DE LA APLICACIÓN PARA ESTABLECER LA CAPACIDAD RESIDUAL, DE COLOMBIA COMPRA EFICIENTE | H13: CAPACIDAD RESIDUAL DEL PROPONENTE | I13: CUMPLE / NO CUMPLE | J13: OBSERVACIONES
A15: =+'1. Exp.Habilitante - 18'!B9 -> 1. | B15: =+'1. Exp.Habilitante - 18'!C9 -> CONSORCIO INNFRA RECREA DEPORTE DISTRITAL | C15: Comp. % | D15: USO DE LA APLICACIÓN PARA ESTABLECER LA CAPACIDAD RESIDUAL, DE COLOMBIA COMPRA EFICIENTE | H15: CAPACIDAD RESIDUAL DEL PROPONENTE | I15: CUMPLE / NO CUMPLE | J15: OBSERVACIONES
A16: =+'1. Exp.Habilitante - 18'!B9 -> 1. | B16: =+'1. Exp.Habilitante - 18'!K14 -> INNOVACIÓN E INFRAESRUCTURA S.A.S – INNFRA S.A.S | C16: =+'1. Exp.Habilitante - 18'!R14 -> 0.75 | D16: Ver Documento Anexo. 18. K-Residual CONSORCIO INNFRA RECREA DEPORTE DISTRITAL.pdf | H16: 23114269981 | I16: CUMPLE | J16: Sin Observaciones
A17: =+'1. Exp.Habilitante - 18'!B9 -> 1. | B17: =+'1. Exp.Habilitante - 18'!K15 -> RENOSTER S.A.S. | C17: =+'1. Exp.Habilitante - 18'!R15 -> 0.25
A19: COMITÉ EVALUADOR

Sheet 1. Exp.Habilitante  - 19
B2: FONDO DE DESARROLLO LOCAL DE USME
B3: FORMATO: EVALUACIÓN EXPERIENCIA MINIMA HABILITANTE PROPONENTES
B4: LICITACIÓN PÚBLICA
B5: =Datos!B3 -> FDLU-LP-010-2024 (117411)
B7: OBJETO: | E7: CONTRATAR MEDIANTE EL SISTEMA DE PRECIOS UNITARIOS A MONTO AGOTABLE, LAS OBRAS DE REHABILITACIÓN Y/O CONSERVACIÓN Y/O MEJORAMIENTO Y/O MANTENIMIENTO DE PARQUES DE PROXIMIDAD DE LA LOCALIDAD DE USME
B9: 1. | C9: ACM EMPRESA CONSTRUCTORA SAS
G11: CUMPLE
B14: PROPONENTE (Persona Natural, Jurídica, Consorcio o Unión Temporal): | E14: ACM EMPRESA CONSTRUCTORA SAS | I14: INTEGRANTE 1: | O14: PORCENTAJE DE PARTICIPACIÓN:
I15: INTEGRANTE 2: | O15: PORCENTAJE DE PARTICIPACIÓN:
I16: INTEGRANTE 3: | O16: PORCENTAJE DE PARTICIPACIÓN:
B18: PRESUPUESTO OFICIAL ESTIMADO: | E18: =Datos!B4 -> 3108643000 | G18: PRESUPUESTO OFICIAL EN SMLMV 2024 SOLICITADO: | J18: 0.75 | K18: =((E18/1300000)*J18) -> 1793.4479
B19: REQUISITO: | E19: (-) Experiencia General: CONSTRUCCIÓN Y/O RECONSTRUCCIÓN Y/O AMPLIACIÓN Y/O TERMINACIÓN Y/O REHABILITACIÓN Y/O MEJORAMIENTO Y/O MANTENIMIENTO Y/O ADECUACIÓN DE PARQUES CONSTRUCCIÓN Y/O RECONSTRUCCIÓN Y/O AMPLIACIÓN Y/O TERMINACIÓN Y/O REHABILITACIÓN Y/O MEJORAMIENTO Y/O MANTENIMIENTO Y/O ADECUACIÓN DE ESPACIO PÚBLICO " Nota 1: Para el caso de experiencia de ESPACIO PÚBLICO se excluyen de estos las vías destinadas al tránsito vehicular, así como la conservación y/o preservación de playas marítimas. Nota 2: En el caso en el cual el proceso de selección contemple actividades de dotación de mobiliario, la experiencia válida aportada deberá acreditar en por lo menos uno (1) de los contratos actividades de suministro e instalación de mobiliario. (-) Experiencia Especifica: Con la sumatoria de hasta máximo dos (2) de los contratos válidos aportados como experiencia general debe corresponder mínimo al (F70%) del presupuesto oficial del presente proceso de selección. % DE DIMENSIONAMIENTO (Según la magnitud requerida en el proceso de contratación) Valor de F%: 70% (-) Experiencia Secundaria: ESPECÍFICA URBANISMO Y/O PAISAJISMO Por lo menos uno (1) de los contratos válidos aportados como experiencia general deben contemplar actividades de: CONSTRUCCIÓN Y/O MEJORAMIENTO Y/O REHABILITACIÓN Y/O MANTENIMIENTO Y/O ADECUACIÓN Y/O REFORZAMIENTO Y/O INTERVENCIÓN PARA URBANISMO Y/O PAISAJISMO Y/O PARQUES Y/O ESPACIO PÚBLICO.
B20: CÓDIGOS RUP SOLICITADOS | D20: 3 | E20: 72101500 | F20: 72141300 | G20: 72153100 | S20: Conteo de Codigos | T20: Cumple / NO Cumple
B21: CÓDIGOS RUP: | D21: Contrato 1 | E21: X | S21: =COUNTA(E21:R21) -> 1 | T21: =IF(S21>=1,"CUMPLE","NO CUMPLE") -> CUMPLE
B22: CÓDIGOS RUP: | D22: Contrato 2 | E22: X | S22: =COUNTA(E22:R22) -> 1 | T22: =IF(S22>=1,"CUMPLE","NO CUMPLE") -> CUMPLE
B23: CONSOLIDADO | E23: =IF(E22>0,1,0) -> 1 | F23: =IF(F22>0,1,0) -> 0 | G23: =IF(G22>0,1,0) -> 0 | H23: =IF(H22>0,1,0) -> 0 | I23: =IF(I22>0,1,0) -> 0 | J23: =IF(J22>0,1,0) -> 0 | K23: =IF(K22>0,1,0) -> 0 | L23: =IF(L22>0,1,0) -> 0 | ... R23: =IF(R22>0,1,0) -> 0 | S23: =SUM(E23:R23) -> 1 | T23: =IF(S23>=1,"CUMPLE","NO CUMPLE") -> CUMPLE
B25: EXPERIENCIA GENERAL
B26: No. | C26: NÚMERO DEL CONSECUTIVO DEL REPORTE DEL CONTRATO EJECUTADO (Escriba el No. de consecutivo asignado por la Camara de Comercio al contrato en el RUP) | D26: # PAGINA DEL RUP (PDF) DONDE SE ENCUENTRA EL CONSECUTIVO | E26: ENTIDAD CONTRATANTE (Escriba el Nombre de la entidad con la cual suscribió la experiencia ante la Camara de Comercio.) | F26: OBJETO DEL CONTRATO (Indique tal como aparece en la certificación y/o acta de liquidación, y/o acta de terminación) | I26: Experiencia General CUMPLE / NO CUMPLE | J26: Experiencia General (Intervención parques o espacio público) CUMPLE / NO CUMPLE | K26: Experiencia Especifica CUMPLE / NO CUMPLE | L26: NOMBRE DEL ARCHIVO SOPORTE APORTADO PARA VALIDAR LOS REQUERIMIENTOS SOLICITADOS. (Certificaciones, Contratos, Acta de Liquidacion y/o Facturas y/o cualquier otro documento que considere necesario) | N26: CODIGOS CLASIFICACIÓN UNSPSC CUMPLE / NO CUMPLE | O26: NOMBRE PARTICIPANTE QUE APORTA LA EXPERIENCIA | P26: % PARTICIPACION EN EL CONSORCIO O UNIÓN TEMPORAL | Q26: VALOR DEL CONTRATO EN SMMLV RELACIONADOS EN EL RUP | R26: VALOR DEL CONTRATO EN SMMLV X PORCENTAJE PARTICIPACIÓN | S26: OBSERVACIONES
B28: 1 | C28: 51 | D28: 356 | E28: MUNICIPIO DE PEREIRA | F28: CONSTRUCCION AVENIDA SAN MATEO DESDE LA AVENIDA LAS AMERICAS HASTA LA INTERSECCION DE LA AVENIDA 30 DE AGOSTO | I28: CUMPLE | J28: CUMPLE | K28: CUMPLE | L28: CERTIFICACIÓN Y ACTA DE RECIBO FINAL DE OBRAS | N28: CUMPLE | O28: ACM EMPRESA CONSTRUCTORA SAS | P28: 0.3 | Q28: 19287.29 | R28: =Q28*P28 -> 5786.187
B29: 2 | C29: 61 | D29: 506 | E29: GOBERNACION DEL PUTUMAYO | F29: MEJORAMIENTO DE CAMINOS VEREDALES CON LA CONSTRUCCION DE SENDEROS EN CONCRETO REFORZADO EN (PUERTO BELLO - CAMPO AJI, CHORRO LARGO - MONTEBELLO, BRASILIA - NUEVA COLOMBIA) DE PUERTO ASIS Y LAS VEREDAS (BETANIA - LAURELES) VALLE DEL GUAMUEZ EN EL DEPARTAMENTO DEL PUTUMAYO | I29: CUMPLE | J29: NO CUMPLE | K29: CUMPLE | L29: ACTA DE LIQUIDACIÓN, ACTA DE RECIBO FINAL | N29: CUMPLE | O29: ACM EMPRESA CONSTRUCTORA SAS | P29: 0.35 | Q29: 4827.27 | R29: =Q29*P29 -> 1689.5445
B31: VALOR SUMATORIA CONTRATOS ACREDITADOS PARA EXPERIENCIA HABILITANTE DEL PROPONENTE: | R31: =SUM(R28:R29) -> 7475.7315 | S31: =IF(R31>K18,"CUMPLE","NO CUMPLE") -> CUMPLE
Q33: 0.7 | R33: =(E18+Q33)/R34 -> 2391.2638
R34: 1300000
B46: NOTAS: 1. Para acreditar la experiencia el oferente deberá adjuntar las Actas de Liquidación o Acta de entrega o terminación o final o de recibo definitivo o Certificación de experienci o Acta de inicio o la orden de inicio, y adicional cualquier otro documento por medio del cual se soporte el cumplimiento de las condiciones de experiencia solicitadas en el Proceso. 2. En caso de encontrar discrepancias entre los valores reportados en el Formato y los registrados en el RUP, la Entidad tendrá en cuenta el orden de prevalencia realacionadoa anteriormente.

Sheet 2. K-Residual - 19
A1: FONDO DE DESARROLLO LOCAL DE USME
A2: LICITACIÓN PÚBLICA
A3: K-RESIDUAL
A4: =Datos!B3 -> FDLU-LP-010-2024 (117411)
A6: OBJETO | D6: =Datos!B2 -> CONTRATAR MEDIANTE EL SISTEMA DE PRECIOS UNITARIOS A MONTO AGOTABLE, LAS OBRAS DE REHABILITACIÓN Y/O CONSERVACIÓN Y/O MEJORAMIENTO Y/O MANTENIMIENTO DE PARQUES DE PROXIMIDAD DE LA LOCALIDAD DE USME
A8: POE (Presupuesto Oficial Estimado) | E8: =Datos!B4 -> 3108643000
A9: CAPACIDAD RESIDUAL DEL PROCESO DE CONTRATACIÓN (CRPC) | E9: =Datos!B4-E8*E11 -> 3108643000
A10: PLAZO (meses) | E10: 9
A11: ANTICIPO | E11: 0
A13: No. | B13: PROPONENTE | C13: Comp. % | D13: USO DE LA APLICACIÓN PARA ESTABLECER LA CAPACIDAD RESIDUAL, DE COLOMBIA COMPRA EFICIENTE | H13: CAPACIDAD RESIDUAL DEL PROPONENTE | I13: CUMPLE / NO CUMPLE | J13: OBSERVACIONES
A15: =+'1. Exp.Habilitante - 19'!B9 -> 1. | B15: =+'1. Exp.Habilitante - 19'!C9 | C15: Comp. % | D15: USO DE LA APLICACIÓN PARA ESTABLECER LA CAPACIDAD RESIDUAL, DE COLOMBIA COMPRA EFICIENTE | H15: CAPACIDAD RESIDUAL DEL PROPONENTE | I15: CUMPLE / NO CUMPLE | J15: OBSERVACIONES
A16: =+'1. Exp.Habilitante - 19'!B9 -> 1. | B16: =+'1. Exp.Habilitante - 19'!K14 -> 0 | C16: =+'1. Exp.Habilitante - 19'!R14 -> 0 | D16: Ver Documento Anexo. Anexo. 19. K-Residual ACM EMPRESA CONSTRUCTORA SAS.pdf | H16: 14201343252 | I16: CUMPLE | J16: Sin Observaciones
A17: =+'1. Exp.Habilitante - 19'!B9 -> 1. | B17: =+'1. Exp.Habilitante - 19'!K15 -> 0 | C17: =+'1. Exp.Habilitante - 19'!R15 -> 0
A19: COMITÉ EVALUADOR

Sheet 1. Exp.Habilitante - 20
B2: FONDO DE DESARROLLO LOCAL DE USME
B3: FORMATO: EVALUACIÓN EXPERIENCIA MINIMA HABILITANTE PROPONENTES
B4: LICITACIÓN PÚBLICA
B5: =Datos!B3 -> FDLU-LP-010-2024 (117411)
B7: OBJETO: | E7: CONTRATAR MEDIANTE EL SISTEMA DE PRECIOS UNITARIOS A MONTO AGOTABLE, LAS OBRAS DE REHABILITACIÓN Y/O CONSERVACIÓN Y/O MEJORAMIENTO Y/O MANTENIMIENTO DE PARQUES DE PROXIMIDAD DE LA LOCALIDAD DE USME
B9: 1. | C9: RETIN INGENIERÍA S.A.S.
G11: CUMPLE
B14: PROPONENTE (Persona Natural, Jurídica, Consorcio o Unión Temporal): | E14: RETIN INGENIERÍA S.A.S. | I14: INTEGRANTE 1: | O14: PORCENTAJE DE PARTICIPACIÓN:
I15: INTEGRANTE 2: | O15: PORCENTAJE DE PARTICIPACIÓN:
I16: INTEGRANTE 3: | O16: PORCENTAJE DE PARTICIPACIÓN:
B18: PRESUPUESTO OFICIAL ESTIMADO: | E18: =Datos!B4 -> 3108643000 | G18: PRESUPUESTO OFICIAL EN SMLMV 2024 SOLICITADO: | J18: 0.75 | K18: =((E18/1300000)*J18) -> 1793.4479
B19: REQUISITO: | E19: (-) Experiencia General: CONSTRUCCIÓN Y/O RECONSTRUCCIÓN Y/O AMPLIACIÓN Y/O TERMINACIÓN Y/O REHABILITACIÓN Y/O MEJORAMIENTO Y/O MANTENIMIENTO Y/O ADECUACIÓN DE PARQUES CONSTRUCCIÓN Y/O RECONSTRUCCIÓN Y/O AMPLIACIÓN Y/O TERMINACIÓN Y/O REHABILITACIÓN Y/O MEJORAMIENTO Y/O MANTENIMIENTO Y/O ADECUACIÓN DE ESPACIO PÚBLICO " Nota 1: Para el caso de experiencia de ESPACIO PÚBLICO se excluyen de estos las vías destinadas al tránsito vehicular, así como la conservación y/o preservación de playas marítimas. Nota 2: En el caso en el cual el proceso de selección contemple actividades de dotación de mobiliario, la experiencia válida aportada deberá acreditar en por lo menos uno (1) de los contratos actividades de suministro e instalación de mobiliario. (-) Experiencia Especifica: Con la sumatoria de hasta máximo dos (2) de los contratos válidos aportados como experiencia general debe corresponder mínimo al (F70%) del presupuesto oficial del presente proceso de selección. % DE DIMENSIONAMIENTO (Según la magnitud requerida en el proceso de contratación) Valor de F%: 70% (-) Experiencia Secundaria: ESPECÍFICA URBANISMO Y/O PAISAJISMO Por lo menos uno (1) de los contratos válidos aportados como experiencia general deben contemplar actividades de: CONSTRUCCIÓN Y/O MEJORAMIENTO Y/O REHABILITACIÓN Y/O MANTENIMIENTO Y/O ADECUACIÓN Y/O REFORZAMIENTO Y/O INTERVENCIÓN PARA URBANISMO Y/O PAISAJISMO Y/O PARQUES Y/O ESPACIO PÚBLICO.
B20: CÓDIGOS RUP SOLICITADOS | D20: 3 | E20: 72101500 | F20: 72141300 | G20: 72153100 | S20: Conteo de Codigos | T20: Cumple / NO Cumple
B21: CÓDIGOS RUP: | D21: Contrato 1 | E21: X | F21: X | G21: X | S21: =COUNTA(E21:R21) -> 3 | T21: =IF(S21>=1,"CUMPLE","NO CUMPLE") -> CUMPLE
B22: CÓDIGOS RUP: | D22: Contrato 2 | E22: X | F22: X | G22: X | S22: =COUNTA(E22:R22) -> 3 | T22: =IF(S22>=1,"CUMPLE","NO CUMPLE") -> CUMPLE
B23: CONSOLIDADO | E23: =IF(E22>0,1,0) -> 1 | F23: =IF(F22>0,1,0) -> 1 | G23: =IF(G22>0,1,0) -> 1 | H23: =IF(H22>0,1,0) -> 0 | I23: =IF(I22>0,1,0) -> 0 | J23: =IF(J22>0,1,0) -> 0 | K23: =IF(K22>0,1,0) -> 0 | L23: =IF(L22>0,1,0) -> 0 | ... R23: =IF(R22>0,1,0) -> 0 | S23: =SUM(E23:R23) -> 3 | T23: =IF(S23>=1,"CUMPLE","NO CUMPLE") -> CUMPLE
B25: EXPERIENCIA GENERAL
B26: No. | C26: NÚMERO DEL CONSECUTIVO DEL REPORTE DEL CONTRATO EJECUTADO (Escriba el No. de consecutivo asignado por la Camara de Comercio al contrato en el RUP) | D26: # PAGINA DEL RUP (PDF) DONDE SE ENCUENTRA EL CONSECUTIVO | E26: ENTIDAD CONTRATANTE (Escriba el Nombre de la entidad con la cual suscribió la experiencia ante la Camara de Comercio.) | F26: OBJETO DEL CONTRATO (Indique tal como aparece en la certificación y/o acta de liquidación, y/o acta de terminación) | I26: Experiencia General CUMPLE / NO CUMPLE | J26: Experiencia General (Intervención parques o espacio público) CUMPLE / NO CUMPLE | K26: Experiencia Especifica CUMPLE / NO CUMPLE | L26: NOMBRE DEL ARCHIVO SOPORTE APORTADO PARA VALIDAR LOS REQUERIMIENTOS SOLICITADOS. (Certificaciones, Contratos, Acta de Liquidacion y/o Facturas y/o cualquier otro documento que considere necesario) | N26: CODIGOS CLASIFICACIÓN UNSPSC CUMPLE / NO CUMPLE | O26: NOMBRE PARTICIPANTE QUE APORTA LA EXPERIENCIA | P26: % PARTICIPACION EN EL CONSORCIO O UNIÓN TEMPORAL | Q26: VALOR DEL CONTRATO EN SMMLV RELACIONADOS EN EL RUP | R26: VALOR DEL CONTRATO EN SMMLV X PORCENTAJE PARTICIPACIÓN | S26: OBSERVACIONES
B28: 1 | C28: 12 | D28: 71 | E28: FONDO DE DESARROLLO LOCAL DE BOSA | F28: REALIZAR EL MANTENIMIENTO ADECUACION DOTACION Y/O CONSTRUCCION DE PARQUES DE ESCALA VECINAL DE LA LOCALIDAD DE BOSA | I28: CUMPLE | J28: CUMPLE | K28: CUMPLE | L28: CERTIFICACIÓN Y ACTA DE RECIBO FINAL CON CANTIDADES | N28: CUMPLE | O28: RETIN INGENIERÍA S.A.S. | P28: 0.5 | Q28: 4680.01 | R28: =Q28*P28 -> 2340.005
B29: 2 | C29: 14 | D29: 80 | E29: FONDO DE DESARROLLO LOCAL DE BOSA | F29: EJECUTAR O POR EL SISTEMA DE PRECIOS UNITARIOS FIJOS SIN FORMULA DE AJUSTE LA CONSTRUCCION, MANTENIMIENTO, ADECUACION Y DOTACION DE DIFERENTES PARQUES DE LA LOCALIDAD DE BOSA, INCLUIDO EL ESPACIO PUBLICO ASOCIADO | I29: CUMPLE | J29: CUMPLE | K29: CUMPLE | L29: ACTA DE RECIBO FINAL CON CANTIDADES | N29: CUMPLE | O29: RETIN INGENIERÍA S.A.S. | P29: 0.5 | Q29: 8479.95 | R29: =Q29*P29 -> 4239.975
B31: VALOR SUMATORIA CONTRATOS ACREDITADOS PARA EXPERIENCIA HABILITANTE DEL PROPONENTE: | R31: =SUM(R28:R29) -> 6579.98 | S31: =IF(R31>K18,"CUMPLE","NO CUMPLE") -> CUMPLE
Q33: 0.7 | R33: =(E18+Q33)/R34 -> 2391.2638
R34: 1300000
B46: NOTAS: 1. Para acreditar la experiencia el oferente deberá adjuntar las Actas de Liquidación o Acta de entrega o terminación o final o de recibo definitivo o Certificación de experienci o Acta de inicio o la orden de inicio, y adicional cualquier otro documento por medio del cual se soporte el cumplimiento de las condiciones de experiencia solicitadas en el Proceso. 2. En caso de encontrar discrepancias entre los valores reportados en el Formato y los registrados en el RUP, la Entidad tendrá en cuenta el orden de prevalencia realacionadoa anteriormente.

Sheet 2. K-Residual - 20
A1: FONDO DE DESARROLLO LOCAL DE USME
A2: LICITACIÓN PÚBLICA
A3: K-RESIDUAL
A4: =Datos!B3 -> FDLU-LP-010-2024 (117411)
A6: OBJETO | D6: =Datos!B2 -> CONTRATAR MEDIANTE EL SISTEMA DE PRECIOS UNITARIOS A MONTO AGOTABLE, LAS OBRAS DE REHABILITACIÓN Y/O CONSERVACIÓN Y/O MEJORAMIENTO Y/O MANTENIMIENTO DE PARQUES DE PROXIMIDAD DE LA LOCALIDAD DE USME
A8: POE (Presupuesto Oficial Estimado) | E8: =Datos!B4 -> 3108643000
A9: CAPACIDAD RESIDUAL DEL PROCESO DE CONTRATACIÓN (CRPC) | E9: =Datos!B4-E8*E11 -> 3108643000
A10: PLAZO (meses) | E10: 9
A11: ANTICIPO | E11: 0
A13: No. | B13: PROPONENTE | C13: Comp. % | D13: USO DE LA APLICACIÓN PARA ESTABLECER LA CAPACIDAD RESIDUAL, DE COLOMBIA COMPRA EFICIENTE | H13: CAPACIDAD RESIDUAL DEL PROPONENTE | I13: CUMPLE / NO CUMPLE | J13: OBSERVACIONES
A15: =+'1. Exp.Habilitante - 20'!B9 -> 1. | B15: =+'1. Exp.Habilitante - 20'!C9 -> RETIN INGENIERÍA S.A.S. | C15: Comp. % | D15: USO DE LA APLICACIÓN PARA ESTABLECER LA CAPACIDAD RESIDUAL, DE COLOMBIA COMPRA EFICIENTE | H15: CAPACIDAD RESIDUAL DEL PROPONENTE | I15: CUMPLE / NO CUMPLE | J15: OBSERVACIONES
A16: =+'1. Exp.Habilitante - 20'!B9 -> 1. | B16: =+'1. Exp.Habilitante - 20'!K14 -> 0 | C16: =+'1. Exp.Habilitante - 20'!R14 -> 0 | D16: Ver Documento Anexo. 20. K-Residual RETIN INGENIERÍA S.A.S..pdf | H16: 30487136768 | I16: CUMPLE | J16: Sin Observaciones
A17: =+'1. Exp.Habilitante - 20'!B9 -> 1. | B17: =+'1. Exp.Habilitante - 20'!K15 -> 0 | C17: =+'1. Exp.Habilitante - 20'!R15 -> 0
A19: COMITÉ EVALUADOR

Sheet 1. Exp.Habilitante  - 39
B2: FONDO DE DESARROLLO LOCAL DE USME
B3: FORMATO: EVALUACIÓN EXPERIENCIA MINIMA HABILITANTE PROPONENTES
B4: LICITACIÓN PÚBLICA
B5: =Datos!B3 -> FDLU-LP-010-2024 (117411)
B7: OBJETO: | E7: CONTRATAR MEDIANTE EL SISTEMA DE PRECIOS UNITARIOS A MONTO AGOTABLE, LAS OBRAS DE REHABILITACIÓN Y/O CONSERVACIÓN Y/O MEJORAMIENTO Y/O MANTENIMIENTO DE PARQUES DE PROXIMIDAD DE LA LOCALIDAD DE USME
B9: 1. | C9: CONSORCIO PARQUES USME E&E 2024
G11: CUMPLE
B14: PROPONENTE (Persona Natural, Jurídica, Consorcio o Unión Temporal): | E14: CONSORCIO PARQUES USME E&E 2024 | I14: INTEGRANTE 1: | K14: EDC INGENIERIA SAS | O14: PORCENTAJE DE PARTICIPACIÓN: | R14: 0.5
I15: INTEGRANTE 2: | K15: ESTUDIOS E INGENIERIA SAS | O15: PORCENTAJE DE PARTICIPACIÓN: | R15: 0.5
I16: INTEGRANTE 3: | O16: PORCENTAJE DE PARTICIPACIÓN:
B18: PRESUPUESTO OFICIAL ESTIMADO: | E18: =Datos!B4 -> 3108643000 | G18: PRESUPUESTO OFICIAL EN SMLMV 2024 SOLICITADO: | J18: 0.75 | K18: =((E18/1300000)*J18) -> 1793.4479
B19: REQUISITO: | E19: (-) Experiencia General: CONSTRUCCIÓN Y/O RECONSTRUCCIÓN Y/O AMPLIACIÓN Y/O TERMINACIÓN Y/O REHABILITACIÓN Y/O MEJORAMIENTO Y/O MANTENIMIENTO Y/O ADECUACIÓN DE PARQUES CONSTRUCCIÓN Y/O RECONSTRUCCIÓN Y/O AMPLIACIÓN Y/O TERMINACIÓN Y/O REHABILITACIÓN Y/O MEJORAMIENTO Y/O MANTENIMIENTO Y/O ADECUACIÓN DE ESPACIO PÚBLICO " Nota 1: Para el caso de experiencia de ESPACIO PÚBLICO se excluyen de estos las vías destinadas al tránsito vehicular, así como la conservación y/o preservación de playas marítimas. Nota 2: En el caso en el cual el proceso de selección contemple actividades de dotación de mobiliario, la experiencia válida aportada deberá acreditar en por lo menos uno (1) de los contratos actividades de suministro e instalación de mobiliario. (-) Experiencia Especifica: Con la sumatoria de hasta máximo dos (2) de los contratos válidos aportados como experiencia general debe corresponder mínimo al (F70%) del presupuesto oficial del presente proceso de selección. % DE DIMENSIONAMIENTO (Según la magnitud requerida en el proceso de contratación) Valor de F%: 70% (-) Experiencia Secundaria: ESPECÍFICA URBANISMO Y/O PAISAJISMO Por lo menos uno (1) de los contratos válidos aportados como experiencia general deben contemplar actividades de: CONSTRUCCIÓN Y/O MEJORAMIENTO Y/O REHABILITACIÓN Y/O MANTENIMIENTO Y/O ADECUACIÓN Y/O REFORZAMIENTO Y/O INTERVENCIÓN PARA URBANISMO Y/O PAISAJISMO Y/O PARQUES Y/O ESPACIO PÚBLICO.
B20: CÓDIGOS RUP SOLICITADOS | D20: 3 | E20: 72101500 | F20: 72141300 | G20: 72153100 | S20: Conteo de Codigos | T20: Cumple / NO Cumple
B21: CÓDIGOS RUP: | D21: Contrato 1 | E21: X | F21: X | G21: X | S21: =COUNTA(E21:R21) -> 3 | T21: =IF(S21>=1,"CUMPLE","NO CUMPLE") -> CUMPLE
B22: CÓDIGOS RUP: | D22: Contrato 2 | E22: X | F22: X | G22: X | S22: =COUNTA(E22:R22) -> 3 | T22: =IF(S22>=1,"CUMPLE","NO CUMPLE") -> CUMPLE
B23: CONSOLIDADO | E23: =IF(E22>0,1,0) -> 1 | F23: =IF(F22>0,1,0) -> 1 | G23: =IF(G22>0,1,0) -> 1 | H23: =IF(H22>0,1,0) -> 0 | I23: =IF(I22>0,1,0) -> 0 | J23: =IF(J22>0,1,0) -> 0 | K23: =IF(K22>0,1,0) -> 0 | L23: =IF(L22>0,1,0) -> 0 | ... R23: =IF(R22>0,1,0) -> 0 | S23: =SUM(E23:R23) -> 3 | T23: =IF(S23>=1,"CUMPLE","NO CUMPLE") -> CUMPLE
B25: EXPERIENCIA GENERAL
B26: No. | C26: NÚMERO DEL CONSECUTIVO DEL REPORTE DEL CONTRATO EJECUTADO (Escriba el No. de consecutivo asignado por la Camara de Comercio al contrato en el RUP) | D26: # PAGINA DEL RUP (PDF) DONDE SE ENCUENTRA EL CONSECUTIVO | E26: ENTIDAD CONTRATANTE (Escriba el Nombre de la entidad con la cual suscribió la experiencia ante la Camara de Comercio.) | F26: OBJETO DEL CONTRATO (Indique tal como aparece en la certificación y/o acta de liquidación, y/o acta de terminación) | I26: Experiencia General CUMPLE / NO CUMPLE | J26: Experiencia General (Intervención parques o espacio público) CUMPLE / NO CUMPLE | K26: Experiencia Especifica CUMPLE / NO CUMPLE | L26: NOMBRE DEL ARCHIVO SOPORTE APORTADO PARA VALIDAR LOS REQUERIMIENTOS SOLICITADOS. (Certificaciones, Contratos, Acta de Liquidacion y/o Facturas y/o cualquier otro documento que considere necesario) | N26: CODIGOS CLASIFICACIÓN UNSPSC CUMPLE / NO CUMPLE | O26: NOMBRE PARTICIPANTE QUE APORTA LA EXPERIENCIA | P26: % PARTICIPACION EN EL CONSORCIO O UNIÓN TEMPORAL | Q26: VALOR DEL CONTRATO EN SMMLV RELACIONADOS EN EL RUP | R26: VALOR DEL CONTRATO EN SMMLV X PORCENTAJE PARTICIPACIÓN | S26: OBSERVACIONES
B28: 1 | C28: 71 | D28: 188 | E28: FONDO DE DESARROLLO LOCAL DE USME | F28: REALIZAR POR EL SISTEMA DE PRECIOS UNITARIOS FIJOS, SIN FORMULA DE REAJUSTE LAS OBRAS DE CONSTRUCCION DEL PARQUES VECINAL URBANIZACION MIRAVALLE I, II Y III ETAPA, EL CORTIJO, SAN JUAN BAUTISTA Y SAN LUIS DE LA LOCALIDAD DE USME | I28: CUMPLE | J28: CUMPLE | K28: CUMPLE | L28: CERTIFICACIÓN CON ACTIVIDADES Y ACTA DE TERMINACIÓN DE OBRAS | N28: CUMPLE | O28: ESTUDIOS E INGENIERIA SAS | P28: 0.9 | Q28: 8301.04 | R28: =Q28*P28 -> 7470.936
B29: 2 | C29: 79 EEISAS 72 EDC | D29: 218 EEISAS 129 EDC | E29: FONDO DE DESARROLLO LOCAL DE USME | F29: “REALIZAR POR EL SISTEMA DE PRECIOS UNITARIOS FIJOS, SIN FORMULA DE REAJUSTE LA OBRA DE CONSTRUCCIÓN DE LA ETAPA II Y III DEL PARQUE VECINAL URBANIZACIÓN MIRAVALLE I, II Y III ETAPA, EL CORTIJO, SAN JUAN BAUTISTA Y SAN LUIS CÓD. 05-042 DE LA LOCALIDAD DE USME EN BOGOTÁ D.C.”. | I29: CUMPLE | J29: CUMPLE | K29: CUMPLE | L29: CERTIFICACIÓN CON ACTIVIDADES | N29: CUMPLE | O29: 25% EEISAS 75% EDC | P29: 1 | Q29: 6387.55 | R29: =Q29*P29 -> 6387.55
B31: VALOR SUMATORIA CONTRATOS ACREDITADOS PARA EXPERIENCIA HABILITANTE DEL PROPONENTE: | R31: =SUM(R28:R29) -> 13858.486 | S31: =IF(R31>K18,"CUMPLE","NO CUMPLE") -> CUMPLE
Q33: 0.7 | R33: =(E18+Q33)/R34 -> 2391.2638
R34: 1300000
B46: NOTAS: 1. Para acreditar la experiencia el oferente deberá adjuntar las Actas de Liquidación o Acta de entrega o terminación o final o de recibo definitivo o Certificación de experienci o Acta de inicio o la orden de inicio, y adicional cualquier otro documento por medio del cual se soporte el cumplimiento de las condiciones de experiencia solicitadas en el Proceso. 2. En caso de encontrar discrepancias entre los valores reportados en el Formato y los registrados en el RUP, la Entidad tendrá en cuenta el orden de prevalencia realacionadoa anteriormente.

Sheet 2. K-Residual - 39
A1: FONDO DE DESARROLLO LOCAL DE USME
A2: LICITACIÓN PÚBLICA
A3: K-RESIDUAL
A4: =Datos!B3 -> FDLU-LP-010-2024 (117411)
A6: OBJETO | D6: =Datos!B2 -> CONTRATAR MEDIANTE EL SISTEMA DE PRECIOS UNITARIOS A MONTO AGOTABLE, LAS OBRAS DE REHABILITACIÓN Y/O CONSERVACIÓN Y/O MEJORAMIENTO Y/O MANTENIMIENTO DE PARQUES DE PROXIMIDAD DE LA LOCALIDAD DE USME
A8: POE (Presupuesto Oficial Estimado) | E8: =Datos!B4 -> 3108643000
A9: CAPACIDAD RESIDUAL DEL PROCESO DE CONTRATACIÓN (CRPC) | E9: =Datos!B4-E8*E11 -> 3108643000
A10: PLAZO (meses) | E10: 9
A11: ANTICIPO | E11: 0
A13: No. | B13: PROPONENTE | C13: Comp. % | D13: USO DE LA APLICACIÓN PARA ESTABLECER LA CAPACIDAD RESIDUAL, DE COLOMBIA COMPRA EFICIENTE | H13: CAPACIDAD RESIDUAL DEL PROPONENTE | I13: CUMPLE / NO CUMPLE | J13: OBSERVACIONES
A15: =+'1. Exp.Habilitante - 39'!B9 -> 1. | B15: =+'1. Exp.Habilitante - 39'!C9 -> CONSORCIO PARQUES USME E&E 2024 | C15: Comp. % | D15: USO DE LA APLICACIÓN PARA ESTABLECER LA CAPACIDAD RESIDUAL, DE COLOMBIA COMPRA EFICIENTE | H15: CAPACIDAD RESIDUAL DEL PROPONENTE | I15: CUMPLE / NO CUMPLE | J15: OBSERVACIONES
A16: =+'1. Exp.Habilitante - 39'!B9 -> 1. | B16: =+'1. Exp.Habilitante - 39'!K14 -> EDC INGENIERIA SAS | C16: =+'1. Exp.Habilitante - 39'!R14 -> 0.5 | D16: Ver Documento Anexo. 39. K-Residual CONSORCIO PARQUES USME E&E 2024.pdf | H16: 177193519644 | I16: CUMPLE | J16: Sin Observaciones
A17: =+'1. Exp.Habilitante - 39'!B9 -> 1. | B17: =+'1. Exp.Habilitante - 39'!K15 -> ESTUDIOS E INGENIERIA SAS | C17: =+'1. Exp.Habilitante - 39'!R15 -> 0.5
A19: COMITÉ EVALUADOR

Sheet 1. Exp.Habilitante  - 40
B2: FONDO DE DESARROLLO LOCAL DE USME
B3: FORMATO: EVALUACIÓN EXPERIENCIA MINIMA HABILITANTE PROPONENTES
B4: LICITACIÓN PÚBLICA
B5: =Datos!B3 -> FDLU-LP-010-2024 (117411)
B7: OBJETO: | E7: CONTRATAR MEDIANTE EL SISTEMA DE PRECIOS UNITARIOS A MONTO AGOTABLE, LAS OBRAS DE REHABILITACIÓN Y/O CONSERVACIÓN Y/O MEJORAMIENTO Y/O MANTENIMIENTO DE PARQUES DE PROXIMIDAD DE LA LOCALIDAD DE USME
B9: 1. | C9: CONSORCIO CUBAGO
G11: CUMPLE
B14: PROPONENTE (Persona Natural, Jurídica, Consorcio o Unión Temporal): | E14: CONSORCIO CUBAGO | I14: INTEGRANTE 1: | K14: AGORASPORT SA SUCURSAL COLOMBIA | O14: PORCENTAJE DE PARTICIPACIÓN: | R14: 0.85
I15: INTEGRANTE 2: | K15: CARLOS FERNANDO CUBIDES BONILLA | O15: PORCENTAJE DE PARTICIPACIÓN: | R15: 0.15
I16: INTEGRANTE 3: | O16: PORCENTAJE DE PARTICIPACIÓN:
B18: PRESUPUESTO OFICIAL ESTIMADO: | E18: =Datos!B4 -> 3108643000 | G18: PRESUPUESTO OFICIAL EN SMLMV 2024 SOLICITADO: | J18: 0.75 | K18: =((E18/1300000)*J18) -> 1793.4479
B19: REQUISITO: | E19: (-) Experiencia General: CONSTRUCCIÓN Y/O RECONSTRUCCIÓN Y/O AMPLIACIÓN Y/O TERMINACIÓN Y/O REHABILITACIÓN Y/O MEJORAMIENTO Y/O MANTENIMIENTO Y/O ADECUACIÓN DE PARQUES CONSTRUCCIÓN Y/O RECONSTRUCCIÓN Y/O AMPLIACIÓN Y/O TERMINACIÓN Y/O REHABILITACIÓN Y/O MEJORAMIENTO Y/O MANTENIMIENTO Y/O ADECUACIÓN DE ESPACIO PÚBLICO " Nota 1: Para el caso de experiencia de ESPACIO PÚBLICO se excluyen de estos las vías destinadas al tránsito vehicular, así como la conservación y/o preservación de playas marítimas. Nota 2: En el caso en el cual el proceso de selección contemple actividades de dotación de mobiliario, la experiencia válida aportada deberá acreditar en por lo menos uno (1) de los contratos actividades de suministro e instalación de mobiliario. (-) Experiencia Especifica: Con la sumatoria de hasta máximo dos (2) de los contratos válidos aportados como experiencia general debe corresponder mínimo al (F70%) del presupuesto oficial del presente proceso de selección. % DE DIMENSIONAMIENTO (Según la magnitud requerida en el proceso de contratación) Valor de F%: 70% (-) Experiencia Secundaria: ESPECÍFICA URBANISMO Y/O PAISAJISMO Por lo menos uno (1) de los contratos válidos aportados como experiencia general deben contemplar actividades de: CONSTRUCCIÓN Y/O MEJORAMIENTO Y/O REHABILITACIÓN Y/O MANTENIMIENTO Y/O ADECUACIÓN Y/O REFORZAMIENTO Y/O INTERVENCIÓN PARA URBANISMO Y/O PAISAJISMO Y/O PARQUES Y/O ESPACIO PÚBLICO.
B20: CÓDIGOS RUP SOLICITADOS | D20: 3 | E20: 72101500 | F20: 72141300 | G20: 72153100 | S20: Conteo de Codigos | T20: Cumple / NO Cumple
B21: CÓDIGOS RUP: | D21: Contrato 1 | E21: X | F21: X | G21: X | S21: =COUNTA(E21:R21) -> 3 | T21: =IF(S21>=1,"CUMPLE","NO CUMPLE") -> CUMPLE
B22: CÓDIGOS RUP: | D22: Contrato 2 | E22: X | F22: X | G22: X | S22: =COUNTA(E22:R22) -> 3 | T22: =IF(S22>=1,"CUMPLE","NO CUMPLE") -> CUMPLE
B23: CONSOLIDADO | E23: =IF(E22>0,1,0) -> 1 | F23: =IF(F22>0,1,0) -> 1 | G23: =IF(G22>0,1,0) -> 1 | H23: =IF(H22>0,1,0) -> 0 | I23: =IF(I22>0,1,0) -> 0 | J23: =IF(J22>0,1,0) -> 0 | K23: =IF(K22>0,1,0) -> 0 | L23: =IF(L22>0,1,0) -> 0 | ... R23: =IF(R22>0,1,0) -> 0 | S23: =SUM(E23:R23) -> 3 | T23: =IF(S23>=1,"CUMPLE","NO CUMPLE") -> CUMPLE
B25: EXPERIENCIA GENERAL
B26: No. | C26: NÚMERO DEL CONSECUTIVO DEL REPORTE DEL CONTRATO EJECUTADO (Escriba el No. de consecutivo asignado por la Camara de Comercio al contrato en el RUP) | D26: # PAGINA DEL RUP (PDF) DONDE SE ENCUENTRA EL CONSECUTIVO | E26: ENTIDAD CONTRATANTE (Escriba el Nombre de la entidad con la cual suscribió la experiencia ante la Camara de Comercio.) | F26: OBJETO DEL CONTRATO (Indique tal como aparece en la certificación y/o acta de liquidación, y/o acta de terminación) | I26: Experiencia General CUMPLE / NO CUMPLE | J26: Experiencia General (Intervención parques o espacio público) CUMPLE / NO CUMPLE | K26: Experiencia Especifica CUMPLE / NO CUMPLE | L26: NOMBRE DEL ARCHIVO SOPORTE APORTADO PARA VALIDAR LOS REQUERIMIENTOS SOLICITADOS. (Certificaciones, Contratos, Acta de Liquidacion y/o Facturas y/o cualquier otro documento que considere necesario) | N26: CODIGOS CLASIFICACIÓN UNSPSC CUMPLE / NO CUMPLE | O26: NOMBRE PARTICIPANTE QUE APORTA LA EXPERIENCIA | P26: % PARTICIPACION EN EL CONSORCIO O UNIÓN TEMPORAL | Q26: VALOR DEL CONTRATO EN SMMLV RELACIONADOS EN EL RUP | R26: VALOR DEL CONTRATO EN SMMLV X PORCENTAJE PARTICIPACIÓN | S26: OBSERVACIONES
B28: 1 | C28: 220 | D28: 304 | E28: ALCALDIA DE MELGAR | F28: CONSTRUCCION COLISEO PARQUE LAS VEGAS DEL MUNICIPIO DE MELGAR TOLIMA, CONSTRUCCION CUBIERTA Y ADECUACION DEL POLIDEPORTIVO DEL BARRIO LA FLORIDA DEL MUNICIPIO DE MELGAR TOLIMA, CONSTRUCCION CUBIERTA Y ADECUACION DEL POLIDEPORTIVO DEL BARRIO ICACAL DEL MUNICIPIO DE MELGAR TOLIMA | I28: CUMPLE | J28: CUMPLE | K28: CUMPLE | L28: CERTIFICACIÓN CON ACTIVIDADES Y CANTIDADES, Y ACTA DE RECIBO FINAL DE OBRA | N28: CUMPLE | O28: AGORASPORT SA SUCURSAL COLOMBIA | P28: 1 | Q28: 30198.87 | R28: =Q28*P28 -> 30198.87
B29: 2 | C29: 80 | D29: 71 | E29: MUNICIPIO DE ARMERO | F29: ADECUACION, REMODELACION PARQUE CULTURAL EN EL MUNICIPIO DE ARMERO GUAYACAL | I29: CUMPLE | J29: CUMPLE | K29: CUMPLE | L29: CERTIFICACIÓN CON ACTIVIDADES | N29: CUMPLE | O29: CARLOS FERNANDO CUBIDES BONILLA | P29: 0.5 | Q29: 2426.18 | R29: =Q29*P29 -> 1213.09
B31: VALOR SUMATORIA CONTRATOS ACREDITADOS PARA EXPERIENCIA HABILITANTE DEL PROPONENTE: | R31: =SUM(R28:R29) -> 31411.96 | S31: =IF(R31>K18,"CUMPLE","NO CUMPLE") -> CUMPLE
Q33: 0.7 | R33: =(E18+Q33)/R34 -> 2391.2638
R34: 1300000
B46: NOTAS: 1. Para acreditar la experiencia el oferente deberá adjuntar las Actas de Liquidación o Acta de entrega o terminación o final o de recibo definitivo o Certificación de experienci o Acta de inicio o la orden de inicio, y adicional cualquier otro documento por medio del cual se soporte el cumplimiento de las condiciones de experiencia solicitadas en el Proceso. 2. En caso de encontrar discrepancias entre los valores reportados en el Formato y los registrados en el RUP, la Entidad tendrá en cuenta el orden de prevalencia realacionadoa anteriormente.

Sheet 2. K-Residual - 40
A1: FONDO DE DESARROLLO LOCAL DE USME
A2: LICITACIÓN PÚBLICA
A3: K-RESIDUAL
A4: =Datos!B3 -> FDLU-LP-010-2024 (117411)
A6: OBJETO | D6: =Datos!B2 -> CONTRATAR MEDIANTE EL SISTEMA DE PRECIOS UNITARIOS A MONTO AGOTABLE, LAS OBRAS DE REHABILITACIÓN Y/O CONSERVACIÓN Y/O MEJORAMIENTO Y/O MANTENIMIENTO DE PARQUES DE PROXIMIDAD DE LA LOCALIDAD DE USME
A8: POE (Presupuesto Oficial Estimado) | E8: =Datos!B4 -> 3108643000
A9: CAPACIDAD RESIDUAL DEL PROCESO DE CONTRATACIÓN (CRPC) | E9: =Datos!B4-E8*E11 -> 3108643000
A10: PLAZO (meses) | E10: 9
A11: ANTICIPO | E11: 0
A13: No. | B13: PROPONENTE | C13: Comp. % | D13: USO DE LA APLICACIÓN PARA ESTABLECER LA CAPACIDAD RESIDUAL, DE COLOMBIA COMPRA EFICIENTE | H13: CAPACIDAD RESIDUAL DEL PROPONENTE | I13: CUMPLE / NO CUMPLE | J13: OBSERVACIONES
A15: =+'1. Exp.Habilitante - 40'!B9 -> 1. | B15: =+'1. Exp.Habilitante - 40'!C9 -> CONSORCIO CUBAGO | C15: Comp. % | D15: USO DE LA APLICACIÓN PARA ESTABLECER LA CAPACIDAD RESIDUAL, DE COLOMBIA COMPRA EFICIENTE | H15: CAPACIDAD RESIDUAL DEL PROPONENTE | I15: CUMPLE / NO CUMPLE | J15: OBSERVACIONES
A16: =+'1. Exp.Habilitante - 40'!B9 -> 1. | B16: =+'1. Exp.Habilitante - 40'!K14 -> AGORASPORT SA SUCURSAL COLOMBIA | C16: =+'1. Exp.Habilitante - 40'!R14 -> 0.85 | D16: Ver Documento Anexo. 40. K-Residual CONSORCIO CUBAGO.pdf | H16: 1.1077726e+10 | I16: CUMPLE | J16: Sin Observaciones
A17: =+'1. Exp.Habilitante - 40'!B9 -> 1. | B17: =+'1. Exp.Habilitante - 40'!K15 -> CARLOS FERNANDO CUBIDES BONILLA | C17: =+'1. Exp.Habilitante - 40'!R15 -> 0.15
A19: COMITÉ EVALUADOR

Sheet 1. Exp.Habilitante  - 41
B2: FONDO DE DESARROLLO LOCAL DE USME
B3: FORMATO: EVALUACIÓN EXPERIENCIA MINIMA HABILITANTE PROPONENTES
B4: LICITACIÓN PÚBLICA
B5: =Datos!B3 -> FDLU-LP-010-2024 (117411)
B7: OBJETO: | E7: CONTRATAR MEDIANTE EL SISTEMA DE PRECIOS UNITARIOS A MONTO AGOTABLE, LAS OBRAS DE REHABILITACIÓN Y/O CONSERVACIÓN Y/O MEJORAMIENTO Y/O MANTENIMIENTO DE PARQUES DE PROXIMIDAD DE LA LOCALIDAD DE USME
B9: 1. | C9: CONSORCIO GH INDES
G11: CUMPLE
B14: PROPONENTE (Persona Natural, Jurídica, Consorcio o Unión Temporal): | E14: CONSORCIO GH INDES | I14: INTEGRANTE 1: | K14: INGENIERIA PARA EL DESARROLLO ECONOMICO SAS – INDESCOM SAS | O14: PORCENTAJE DE PARTICIPACIÓN: | R14: 0.9
I15: INTEGRANTE 2: | K15: INMOBILIARIA & CONSTRUCCIONES GRUPOHOGAR SAS | O15: PORCENTAJE DE PARTICIPACIÓN: | R15: 0.1
I16: INTEGRANTE 3: | O16: PORCENTAJE DE PARTICIPACIÓN:
B18: PRESUPUESTO OFICIAL ESTIMADO: | E18: =Datos!B4 -> 3108643000 | G18: PRESUPUESTO OFICIAL EN SMLMV 2024 SOLICITADO: | J18: 0.75 | K18: =((E18/1300000)*J18) -> 1793.4479
B19: REQUISITO: | E19: (-) Experiencia General: CONSTRUCCIÓN Y/O RECONSTRUCCIÓN Y/O AMPLIACIÓN Y/O TERMINACIÓN Y/O REHABILITACIÓN Y/O MEJORAMIENTO Y/O MANTENIMIENTO Y/O ADECUACIÓN DE PARQUES CONSTRUCCIÓN Y/O RECONSTRUCCIÓN Y/O AMPLIACIÓN Y/O TERMINACIÓN Y/O REHABILITACIÓN Y/O MEJORAMIENTO Y/O MANTENIMIENTO Y/O ADECUACIÓN DE ESPACIO PÚBLICO " Nota 1: Para el caso de experiencia de ESPACIO PÚBLICO se excluyen de estos las vías destinadas al tránsito vehicular, así como la conservación y/o preservación de playas marítimas. Nota 2: En el caso en el cual el proceso de selección contemple actividades de dotación de mobiliario, la experiencia válida aportada deberá acreditar en por lo menos uno (1) de los contratos actividades de suministro e instalación de mobiliario. (-) Experiencia Especifica: Con la sumatoria de hasta máximo dos (2) de los contratos válidos aportados como experiencia general debe corresponder mínimo al (F70%) del presupuesto oficial del presente proceso de selección. % DE DIMENSIONAMIENTO (Según la magnitud requerida en el proceso de contratación) Valor de F%: 70% (-) Experiencia Secundaria: ESPECÍFICA URBANISMO Y/O PAISAJISMO Por lo menos uno (1) de los contratos válidos aportados como experiencia general deben contemplar actividades de: CONSTRUCCIÓN Y/O MEJORAMIENTO Y/O REHABILITACIÓN Y/O MANTENIMIENTO Y/O ADECUACIÓN Y/O REFORZAMIENTO Y/O INTERVENCIÓN PARA URBANISMO Y/O PAISAJISMO Y/O PARQUES Y/O ESPACIO PÚBLICO.
B20: CÓDIGOS RUP SOLICITADOS | D20: 3 | E20: 72101500 | F20: 72141300 | G20: 72153100 | S20: Conteo de Codigos | T20: Cumple / NO Cumple
B21: CÓDIGOS RUP: | D21: Contrato 1 | E21: X | F21: X | G21: X | S21: =COUNTA(E21:R21) -> 3 | T21: =IF(S21>=1,"CUMPLE","NO CUMPLE") -> CUMPLE
B22: CONSOLIDADO | E22: =IF(E21>0,1,0) -> 1 | F22: =IF(F21>0,1,0) -> 1 | G22: =IF(G21>0,1,0) -> 1 | H22: =IF(H21>0,1,0) -> 0 | I22: =IF(I21>0,1,0) -> 0 | J22: =IF(J21>0,1,0) -> 0 | K22: =IF(K21>0,1,0) -> 0 | L22: =IF(L21>0,1,0) -> 0 | ... R22: =IF(R21>0,1,0) -> 0 | S22: =SUM(E22:R22) -> 3 | T22: =IF(S22>=1,"CUMPLE","NO CUMPLE") -> CUMPLE
B24: EXPERIENCIA GENERAL
B25: No. | C25: NÚMERO DEL CONSECUTIVO DEL REPORTE DEL CONTRATO EJECUTADO (Escriba el No. de consecutivo asignado por la Camara de Comercio al contrato en el RUP) | D25: # PAGINA DEL RUP (PDF) DONDE SE ENCUENTRA EL CONSECUTIVO | E25: ENTIDAD CONTRATANTE (Escriba el Nombre de la entidad con la cual suscribió la experiencia ante la Camara de Comercio.) | F25: OBJETO DEL CONTRATO (Indique tal como aparece en la certificación y/o acta de liquidación, y/o acta de terminación) | I25: Experiencia General CUMPLE / NO CUMPLE | J25: Experiencia General (Intervención parques o espacio público) CUMPLE / NO CUMPLE | K25: Experiencia Especifica CUMPLE / NO CUMPLE | L25: NOMBRE DEL ARCHIVO SOPORTE APORTADO PARA VALIDAR LOS REQUERIMIENTOS SOLICITADOS. (Certificaciones, Contratos, Acta de Liquidacion y/o Facturas y/o cualquier otro documento que considere necesario) | N25: CODIGOS CLASIFICACIÓN UNSPSC CUMPLE / NO CUMPLE | O25: NOMBRE PARTICIPANTE QUE APORTA LA EXPERIENCIA | P25: % PARTICIPACION EN EL CONSORCIO O UNIÓN TEMPORAL | Q25: VALOR DEL CONTRATO EN SMMLV RELACIONADOS EN EL RUP | R25: VALOR DEL CONTRATO EN SMMLV X PORCENTAJE PARTICIPACIÓN | S25: OBSERVACIONES
B27: 1 | C27: 6 | D27: 56 | E27: ALCALDIA LOCAL DE USME | F27: Aunar esfuerzos técnicos, administrativos einstitucionales para la ejecución del proyecto deinversión social 2009-0478: mediante el sistemade Obras con Participación Ciudadana | I27: CUMPLE | J27: CUMPLE | K27: CUMPLE | L27: ACTA DE TERMMINACIÓN Y ACTA DE LIQUIDACIÓN | N27: CUMPLE | O27: INDESCOM SAS | P27: 1 | Q27: 3357.66 | R27: =Q27*P27 -> 3357.66
B29: VALOR SUMATORIA CONTRATOS ACREDITADOS PARA EXPERIENCIA HABILITANTE DEL PROPONENTE: | R29: =SUM(R27:R27) -> 3357.66 | S29: =IF(R29>K18,"CUMPLE","NO CUMPLE") -> CUMPLE
Q31: 0.7 | R31: =(E18+Q31)/R32 -> 2391.2638
R32: 1300000
B44: NOTAS: 1. Para acreditar la experiencia el oferente deberá adjuntar las Actas de Liquidación o Acta de entrega o terminación o final o de recibo definitivo o Certificación de experienci o Acta de inicio o la orden de inicio, y adicional cualquier otro documento por medio del cual se soporte el cumplimiento de las condiciones de experiencia solicitadas en el Proceso. 2. En caso de encontrar discrepancias entre los valores reportados en el Formato y los registrados en el RUP, la Entidad tendrá en cuenta el orden de prevalencia realacionadoa anteriormente.

Sheet 2. K-Residual - 41
A1: FONDO DE DESARROLLO LOCAL DE USME
A2: LICITACIÓN PÚBLICA
A3: K-RESIDUAL
A4: =Datos!B3 -> FDLU-LP-010-2024 (117411)
A6: OBJETO | D6: =Datos!B2 -> CONTRATAR MEDIANTE EL SISTEMA DE PRECIOS UNITARIOS A MONTO AGOTABLE, LAS OBRAS DE REHABILITACIÓN Y/O CONSERVACIÓN Y/O MEJORAMIENTO Y/O MANTENIMIENTO DE PARQUES DE PROXIMIDAD DE LA LOCALIDAD DE USME
A8: POE (Presupuesto Oficial Estimado) | E8: =Datos!B4 -> 3108643000
A9: CAPACIDAD RESIDUAL DEL PROCESO DE CONTRATACIÓN (CRPC) | E9: =Datos!B4-E8*E11 -> 3108643000
A10: PLAZO (meses) | E10: 9
A11: ANTICIPO | E11: 0
A13: No. | B13: PROPONENTE | C13: Comp. % | D13: USO DE LA APLICACIÓN PARA ESTABLECER LA CAPACIDAD RESIDUAL, DE COLOMBIA COMPRA EFICIENTE | H13: CAPACIDAD RESIDUAL DEL PROPONENTE | I13: CUMPLE / NO CUMPLE | J13: OBSERVACIONES
A15: =+'1. Exp.Habilitante - 41'!B9 -> 1. | B15: =+'1. Exp.Habilitante - 41'!C9 -> CONSORCIO GH INDES | C15: Comp. % | D15: USO DE LA APLICACIÓN PARA ESTABLECER LA CAPACIDAD RESIDUAL, DE COLOMBIA COMPRA EFICIENTE | H15: CAPACIDAD RESIDUAL DEL PROPONENTE | I15: CUMPLE / NO CUMPLE | J15: OBSERVACIONES
A16: =+'1. Exp.Habilitante - 41'!B9 -> 1. | B16: =+'1. Exp.Habilitante - 41'!K14 -> INGENIERIA PARA EL DESARROLLO ECONOMICO SAS – INDESCOM SAS | C16: =+'1. Exp.Habilitante - 41'!R14 -> 0.9 | D16: Ver Documento Anexo. 41. K-Residual CONSORCIO GH INDES.pdf | H16: 4945586756 | I16: CUMPLE | J16: Sin Observaciones
A17: =+'1. Exp.Habilitante - 41'!B9 -> 1. | B17: =+'1. Exp.Habilitante - 41'!K15 -> INMOBILIARIA & CONSTRUCCIONES GRUPOHOGAR SAS | C17: =+'1. Exp.Habilitante - 41'!R15 -> 0.1
A19: COMITÉ EVALUADOR

Sheet 1. Exp.Habilitante  - 42
B2: FONDO DE DESARROLLO LOCAL DE USME
B3: FORMATO: EVALUACIÓN EXPERIENCIA MINIMA HABILITANTE PROPONENTES
B4: LICITACIÓN PÚBLICA
B5: =Datos!B3 -> FDLU-LP-010-2024 (117411)
B7: OBJETO: | E7: CONTRATAR MEDIANTE EL SISTEMA DE PRECIOS UNITARIOS A MONTO AGOTABLE, LAS OBRAS DE REHABILITACIÓN Y/O CONSERVACIÓN Y/O MEJORAMIENTO Y/O MANTENIMIENTO DE PARQUES DE PROXIMIDAD DE LA LOCALIDAD DE USME
B9: 1. | C9: CONSORCIO PARQUES DS USME
G11: CUMPLE
B14: PROPONENTE (Persona Natural, Jurídica, Consorcio o Unión Temporal): | E14: CONSORCIO PARQUES DS USME | I14: INTEGRANTE 1: | K14: D&C INGENIERIA S.A.S. | O14: PORCENTAJE DE PARTICIPACIÓN: | R14: 0.5
I15: INTEGRANTE 2: | K15: SOSDOM S.A.S. | O15: PORCENTAJE DE PARTICIPACIÓN: | R15: 0.5
I16: INTEGRANTE 3: | O16: PORCENTAJE DE PARTICIPACIÓN:
B18: PRESUPUESTO OFICIAL ESTIMADO: | E18: =Datos!B4 -> 3108643000 | G18: PRESUPUESTO OFICIAL EN SMLMV 2024 SOLICITADO: | J18: 1.2 | K18: =((E18/1300000)*J18) -> 2869.5166
B19: REQUISITO: | E19: (-) Experiencia General: CONSTRUCCIÓN Y/O RECONSTRUCCIÓN Y/O AMPLIACIÓN Y/O TERMINACIÓN Y/O REHABILITACIÓN Y/O MEJORAMIENTO Y/O MANTENIMIENTO Y/O ADECUACIÓN DE PARQUES CONSTRUCCIÓN Y/O RECONSTRUCCIÓN Y/O AMPLIACIÓN Y/O TERMINACIÓN Y/O REHABILITACIÓN Y/O MEJORAMIENTO Y/O MANTENIMIENTO Y/O ADECUACIÓN DE ESPACIO PÚBLICO " Nota 1: Para el caso de experiencia de ESPACIO PÚBLICO se excluyen de estos las vías destinadas al tránsito vehicular, así como la conservación y/o preservación de playas marítimas. Nota 2: En el caso en el cual el proceso de selección contemple actividades de dotación de mobiliario, la experiencia válida aportada deberá acreditar en por lo menos uno (1) de los contratos actividades de suministro e instalación de mobiliario. (-) Experiencia Especifica: Con la sumatoria de hasta máximo dos (2) de los contratos válidos aportados como experiencia general debe corresponder mínimo al (F70%) del presupuesto oficial del presente proceso de selección. % DE DIMENSIONAMIENTO (Según la magnitud requerida en el proceso de contratación) Valor de F%: 70% (-) Experiencia Secundaria: ESPECÍFICA URBANISMO Y/O PAISAJISMO Por lo menos uno (1) de los contratos válidos aportados como experiencia general deben contemplar actividades de: CONSTRUCCIÓN Y/O MEJORAMIENTO Y/O REHABILITACIÓN Y/O MANTENIMIENTO Y/O ADECUACIÓN Y/O REFORZAMIENTO Y/O INTERVENCIÓN PARA URBANISMO Y/O PAISAJISMO Y/O PARQUES Y/O ESPACIO PÚBLICO.
B20: CÓDIGOS RUP SOLICITADOS | D20: 3 | E20: 72101500 | F20: 72141300 | G20: 72153100 | S20: Conteo de Codigos | T20: Cumple / NO Cumple
B21: CÓDIGOS RUP: | D21: Contrato 1 | E21: X | G21: X | S21: =COUNTA(E21:R21) -> 2 | T21: =IF(S21>=1,"CUMPLE","NO CUMPLE") -> CUMPLE
B22: CÓDIGOS RUP: | D22: Contrato 2 | E22: X | F22: X | G22: X | S22: =COUNTA(E22:R22) -> 3 | T22: =IF(S22>=1,"CUMPLE","NO CUMPLE") -> CUMPLE
B23: CÓDIGOS RUP: | D23: Contrato 3 | E23: X | F23: X | G23: X | S23: =COUNTA(E23:R23) -> 3 | T23: =IF(S23>=1,"CUMPLE","NO CUMPLE") -> CUMPLE
B24: CONSOLIDADO | E24: =IF(E23>0,1,0) -> 1 | F24: =IF(F23>0,1,0) -> 1 | G24: =IF(G23>0,1,0) -> 1 | H24: =IF(H23>0,1,0) -> 0 | I24: =IF(I23>0,1,0) -> 0 | J24: =IF(J23>0,1,0) -> 0 | K24: =IF(K23>0,1,0) -> 0 | L24: =IF(L23>0,1,0) -> 0 | ... R24: =IF(R23>0,1,0) -> 0 | S24: =SUM(E24:R24) -> 3 | T24: =IF(S24>=1,"CUMPLE","NO CUMPLE") -> CUMPLE
B26: EXPERIENCIA GENERAL
B27: No. | C27: NÚMERO DEL CONSECUTIVO DEL REPORTE DEL CONTRATO EJECUTADO (Escriba el No. de consecutivo asignado por la Camara de Comercio al contrato en el RUP) | D27: # PAGINA DEL RUP (PDF) DONDE SE ENCUENTRA EL CONSECUTIVO | E27: ENTIDAD CONTRATANTE (Escriba el Nombre de la entidad con la cual suscribió la experiencia ante la Camara de Comercio.) | F27: OBJETO DEL CONTRATO (Indique tal como aparece en la certificación y/o acta de liquidación, y/o acta de terminación) | I27: Experiencia General CUMPLE / NO CUMPLE | J27: Experiencia General (Intervención parques o espacio público) CUMPLE / NO CUMPLE | K27: Experiencia Especifica CUMPLE / NO CUMPLE | L27: NOMBRE DEL ARCHIVO SOPORTE APORTADO PARA VALIDAR LOS REQUERIMIENTOS SOLICITADOS. (Certificaciones, Contratos, Acta de Liquidacion y/o Facturas y/o cualquier otro documento que considere necesario) | N27: CODIGOS CLASIFICACIÓN UNSPSC CUMPLE / NO CUMPLE | O27: NOMBRE PARTICIPANTE QUE APORTA LA EXPERIENCIA | P27: % PARTICIPACION EN EL CONSORCIO O UNIÓN TEMPORAL | Q27: VALOR DEL CONTRATO EN SMMLV RELACIONADOS EN EL RUP | R27: VALOR DEL CONTRATO EN SMMLV X PORCENTAJE PARTICIPACIÓN | S27: OBSERVACIONES
B29: 1 | C29: 12 | D29: 27 | E29: ECOPETROL S.A. | F29: CONSTRUCCION DE POLIDEPORTIVO, INSTALACION DE JUEGOS Y ADECUACION DE ZONAS VERDES PARA LA ESCUELA UBICADA EN EL CORREGIMIENTO EL JUNCAL, JURIDICCION DEL MUNICIPIO DE TEORAMA | I29: CUMPLE | J29: CUMPLE | K29: CUMPLE | L29: ACTA DE RECIBO DE OBRA FINAL | N29: CUMPLE | O29: SOSDOM S.A.S. | P29: 1 | Q29: 2260.02 | R29: =Q29*P29 -> 2260.02
B30: 2 | C30: 3 | D30: 30 | E30: EMPRESA DE ACUEDUCTO Y ALCANTARILLADO DE BOGOTA | F30: OBRAS CIVILES PARA LA RECUPERACION DEL ESPACIO PUBLICO, POR REPARACIONES DE LA FUNCION OPERATIVA DE DAÑOS DEACUEDUCTO, ALCANTARILLADO Y PORLA FUNCION COMERCIAL DE LA ZONA 5 DE SERVICIO DE LA EAAB-ESP 2020 | I30: CUMPLE | J30: CUMPLE | K30: NO CUMPLE | L30: CERTIFICACIÓN CON ACTIVIDADES Y CANTIDADES | N30: CUMPLE | O30: D&C INGENIERIA S.A.S. | P30: 0.4 | Q30: 1705.62 | R30: =Q30*P30 -> 682.248 | S30: NO INSTALÓ MOBILIARIO
B31: 3 | C31: 31 | D31: 47 | E31: GRUPO C&C ENERGIA BARBADOS SUCURSAL COLOMBIA | F31: CONSTRUCCION DE PARQUES INFANTILES Y ESCENARIOS DEPORTIVOS PARA DIFERENTES VEREDAS DEL MUNICIPIO DE MANI, CASANARE | I31: CUMPLE | J31: CUMPLE | K31: CUMPLE | L31: CERTIFICACIÓN CON CANTIDADES | N31: CUMPLE | O31: SOSDOM S.A.S. | P31: 1 | Q31: 7644.69 | R31: =Q31*P31 -> 7644.69
B33: VALOR SUMATORIA CONTRATOS ACREDITADOS PARA EXPERIENCIA HABILITANTE DEL PROPONENTE: | R33: =SUM(R29:R30) -> 2942.268 | S33: =IF(R33>K18,"CUMPLE","NO CUMPLE") -> CUMPLE
Q35: 0.7 | R35: =(E18+Q35)/R36 -> 2391.2638
R36: 1300000
B48: NOTAS: 1. Para acreditar la experiencia el oferente deberá adjuntar las Actas de Liquidación o Acta de entrega o terminación o final o de recibo definitivo o Certificación de experienci o Acta de inicio o la orden de inicio, y adicional cualquier otro documento por medio del cual se soporte el cumplimiento de las condiciones de experiencia solicitadas en el Proceso. 2. En caso de encontrar discrepancias entre los valores reportados en el Formato y los registrados en el RUP, la Entidad tendrá en cuenta el orden de prevalencia realacionadoa anteriormente.

Sheet 2. K-Residual - 42
A1: FONDO DE DESARROLLO LOCAL DE USME
A2: LICITACIÓN PÚBLICA
A3: K-RESIDUAL
A4: =Datos!B3 -> FDLU-LP-010-2024 (117411)
A6: OBJETO | D6: =Datos!B2 -> CONTRATAR MEDIANTE EL SISTEMA DE PRECIOS UNITARIOS A MONTO AGOTABLE, LAS OBRAS DE REHABILITACIÓN Y/O CONSERVACIÓN Y/O MEJORAMIENTO Y/O MANTENIMIENTO DE PARQUES DE PROXIMIDAD DE LA LOCALIDAD DE USME
A8: POE (Presupuesto Oficial Estimado) | E8: =Datos!B4 -> 3108643000
A9: CAPACIDAD RESIDUAL DEL PROCESO DE CONTRATACIÓN (CRPC) | E9: =Datos!B4-E8*E11 -> 3108643000
A10: PLAZO (meses) | E10: 9
A11: ANTICIPO | E11: 0
A13: No. | B13: PROPONENTE | C13: Comp. % | D13: USO DE LA APLICACIÓN PARA ESTABLECER LA CAPACIDAD RESIDUAL, DE COLOMBIA COMPRA EFICIENTE | H13: CAPACIDAD RESIDUAL DEL PROPONENTE | I13: CUMPLE / NO CUMPLE | J13: OBSERVACIONES
A15: =+'1. Exp.Habilitante - 42'!B9 -> 1. | B15: =+'1. Exp.Habilitante - 42'!C9 -> CONSORCIO PARQUES DS USME | C15: Comp. % | D15: USO DE LA APLICACIÓN PARA ESTABLECER LA CAPACIDAD RESIDUAL, DE COLOMBIA COMPRA EFICIENTE | H15: CAPACIDAD RESIDUAL DEL PROPONENTE | I15: CUMPLE / NO CUMPLE | J15: OBSERVACIONES
A16: =+'1. Exp.Habilitante - 42'!B9 -> 1. | B16: =+'1. Exp.Habilitante - 42'!K14 -> D&C INGENIERIA S.A.S. | C16: =+'1. Exp.Habilitante - 42'!R14 -> 0.5 | D16: Ver Documento Anexo. 42. K-Residual CONSORCIO PARQUES DS USME.pdf | H16: 38396102265 | I16: CUMPLE | J16: Sin Observaciones
A17: =+'1. Exp.Habilitante - 42'!B9 -> 1. | B17: =+'1. Exp.Habilitante - 42'!K15 -> SOSDOM S.A.S. | C17: =+'1. Exp.Habilitante - 42'!R15 -> 0.5
A19: COMITÉ EVALUADOR

Sheet 1. Exp.Habilitante  - 43
B2: FONDO DE DESARROLLO LOCAL DE USME
B3: FORMATO: EVALUACIÓN EXPERIENCIA MINIMA HABILITANTE PROPONENTES
B4: LICITACIÓN PÚBLICA
B5: =Datos!B3 -> FDLU-LP-010-2024 (117411)
B7: OBJETO: | E7: CONTRATAR MEDIANTE EL SISTEMA DE PRECIOS UNITARIOS A MONTO AGOTABLE, LAS OBRAS DE REHABILITACIÓN Y/O CONSERVACIÓN Y/O MEJORAMIENTO Y/O MANTENIMIENTO DE PARQUES DE PROXIMIDAD DE LA LOCALIDAD DE USME
B9: 1. | C9: IG INGENIEROS Y ARQUITECTOS SAS
G11: CUMPLE
B14: PROPONENTE (Persona Natural, Jurídica, Consorcio o Unión Temporal): | E14: IG INGENIEROS Y ARQUITECTOS SAS | I14: INTEGRANTE 1: | O14: PORCENTAJE DE PARTICIPACIÓN:
I15: INTEGRANTE 2: | O15: PORCENTAJE DE PARTICIPACIÓN:
I16: INTEGRANTE 3: | O16: PORCENTAJE DE PARTICIPACIÓN:
B18: PRESUPUESTO OFICIAL ESTIMADO: | E18: =Datos!B4 -> 3108643000 | G18: PRESUPUESTO OFICIAL EN SMLMV 2024 SOLICITADO: | J18: 1.2 | K18: =((E18/1300000)*J18) -> 2869.5166
B19: REQUISITO: | E19: (-) Experiencia General: CONSTRUCCIÓN Y/O RECONSTRUCCIÓN Y/O AMPLIACIÓN Y/O TERMINACIÓN Y/O REHABILITACIÓN Y/O MEJORAMIENTO Y/O MANTENIMIENTO Y/O ADECUACIÓN DE PARQUES CONSTRUCCIÓN Y/O RECONSTRUCCIÓN Y/O AMPLIACIÓN Y/O TERMINACIÓN Y/O REHABILITACIÓN Y/O MEJORAMIENTO Y/O MANTENIMIENTO Y/O ADECUACIÓN DE ESPACIO PÚBLICO " Nota 1: Para el caso de experiencia de ESPACIO PÚBLICO se excluyen de estos las vías destinadas al tránsito vehicular, así como la conservación y/o preservación de playas marítimas. Nota 2: En el caso en el cual el proceso de selección contemple actividades de dotación de mobiliario, la experiencia válida aportada deberá acreditar en por lo menos uno (1) de los contratos actividades de suministro e instalación de mobiliario. (-) Experiencia Especifica: Con la sumatoria de hasta máximo dos (2) de los contratos válidos aportados como experiencia general debe corresponder mínimo al (F70%) del presupuesto oficial del presente proceso de selección. % DE DIMENSIONAMIENTO (Según la magnitud requerida en el proceso de contratación) Valor de F%: 70% (-) Experiencia Secundaria: ESPECÍFICA URBANISMO Y/O PAISAJISMO Por lo menos uno (1) de los contratos válidos aportados como experiencia general deben contemplar actividades de: CONSTRUCCIÓN Y/O MEJORAMIENTO Y/O REHABILITACIÓN Y/O MANTENIMIENTO Y/O ADECUACIÓN Y/O REFORZAMIENTO Y/O INTERVENCIÓN PARA URBANISMO Y/O PAISAJISMO Y/O PARQUES Y/O ESPACIO PÚBLICO.
B20: CÓDIGOS RUP SOLICITADOS | D20: 3 | E20: 72101500 | F20: 72141300 | G20: 72153100 | S20: Conteo de Codigos | T20: Cumple / NO Cumple
B21: CÓDIGOS RUP: | D21: Contrato 1 | E21: X | F21: X | G21: X | S21: =COUNTA(E21:R21) -> 3 | T21: =IF(S21>=1,"CUMPLE","NO CUMPLE") -> CUMPLE
B22: CÓDIGOS RUP: | D22: Contrato 2 | E22: X | F22: X | G22: X | S22: =COUNTA(E22:R22) -> 3 | T22: =IF(S22>=1,"CUMPLE","NO CUMPLE") -> CUMPLE
B23: CÓDIGOS RUP: | D23: Contrato 3 | E23: X | F23: X | G23: X | S23: =COUNTA(E23:R23) -> 3 | T23: =IF(S23>=1,"CUMPLE","NO CUMPLE") -> CUMPLE
B24: CONSOLIDADO | E24: =IF(E23>0,1,0) -> 1 | F24: =IF(F23>0,1,0) -> 1 | G24: =IF(G23>0,1,0) -> 1 | H24: =IF(H23>0,1,0) -> 0 | I24: =IF(I23>0,1,0) -> 0 | J24: =IF(J23>0,1,0) -> 0 | K24: =IF(K23>0,1,0) -> 0 | L24: =IF(L23>0,1,0) -> 0 | ... R24: =IF(R23>0,1,0) -> 0 | S24: =SUM(E24:R24) -> 3 | T24: =IF(S24>=1,"CUMPLE","NO CUMPLE") -> CUMPLE
B26: EXPERIENCIA GENERAL
B27: No. | C27: NÚMERO DEL CONSECUTIVO DEL REPORTE DEL CONTRATO EJECUTADO (Escriba el No. de consecutivo asignado por la Camara de Comercio al contrato en el RUP) | D27: # PAGINA DEL RUP (PDF) DONDE SE ENCUENTRA EL CONSECUTIVO | E27: ENTIDAD CONTRATANTE (Escriba el Nombre de la entidad con la cual suscribió la experiencia ante la Camara de Comercio.) | F27: OBJETO DEL CONTRATO (Indique tal como aparece en la certificación y/o acta de liquidación, y/o acta de terminación) | I27: Experiencia General CUMPLE / NO CUMPLE | J27: Experiencia General (Intervención parques o espacio público) CUMPLE / NO CUMPLE | K27: Experiencia Especifica CUMPLE / NO CUMPLE | L27: NOMBRE DEL ARCHIVO SOPORTE APORTADO PARA VALIDAR LOS REQUERIMIENTOS SOLICITADOS. (Certificaciones, Contratos, Acta de Liquidacion y/o Facturas y/o cualquier otro documento que considere necesario) | N27: CODIGOS CLASIFICACIÓN UNSPSC CUMPLE / NO CUMPLE | O27: NOMBRE PARTICIPANTE QUE APORTA LA EXPERIENCIA | P27: % PARTICIPACION EN EL CONSORCIO O UNIÓN TEMPORAL | Q27: VALOR DEL CONTRATO EN SMMLV RELACIONADOS EN EL RUP | R27: VALOR DEL CONTRATO EN SMMLV X PORCENTAJE PARTICIPACIÓN | S27: OBSERVACIONES
B29: 1 | C29: 98 | D29: 298 | E29: FONDO DE DESARROLLO LOCAL DE TUNJUELITO | F29: CONTRATAR A PRECIOS UNITARIOS FIJOS SIN FORMULA DE AJUSTE A MONTO AGOTABLE LA INTERVENCION DE LOS PARQUE DE LA LOCALIDAD DE TUNJUELITO MEDIANTE ACCIONES DE MANTENIMIENTO Y DOTACION DE LA INFRAESTRUCTURA FISICA | I29: CUMPLE | J29: CUMPLE | K29: CUMPLE | L29: ACTA DE ENTREGA Y RECIBO DE OBRA FINAL | N29: CUMPLE | O29: IG INGENIEROS Y ARQUITECTOS SAS | P29: 0.95 | Q29: 2232.87 | R29: =Q29*P29 -> 2121.2265
B30: 2 | C30: 96 | D30: 288 | E30: FONDO DE DESARROLLO LOCAL DE USME | F30: REALIZAR POR EL SISTEMA DE PRECIOS UNITARIOS FIJOS, SIN FORMULA DE REAJUSTE LA OBRA DE CONSTRUCCION DEL PARQUE VECINAL URBANIZACION MIRAVALLE I, II Y III ETAPA, EL CORTIJO, SAN JUAN BAUTISTA Y SAN LUIS COD. 05-041 DE LA LOCALIDAD DE USME EN BOGOTA D.C. | I30: CUMPLE | J30: CUMPLE | K30: CUMPLE | L30: CERTIFICACIÓN CON ACTIVIDADES Y ACTA DE TERMINACIÓN | N30: CUMPLE | O30: IG INGENIEROS Y ARQUITECTOS SAS | P30: 0.1 | Q30: 8301.04 | R30: =Q30*P30 -> 830.104 | S30: NO INSTALÓ MOBILIARIO
B31: 3 | C31: 57 | D31: 147 | E31: MUNICIPIO DE TUNJA | F31: MANTENIMIENTO, MEJORAMIENTO Y ADECUACION DE ESCENARIOS DEPORTIVOS Y SUMINISTRO DE PARQUES INFANTILES Y/O BIOSALUDABLES CON EL FIN DE MEJORAR LA CALIDAD DE VIDA DE LOS HABITANTES DEL MUNICIPIO DE TUNJA, EN DIFERENTES SECTORES | I31: CUMPLE | J31: CUMPLE | K31: CUMPLE | L31: ACTA DE LIQUIDACIÓN CON CANTIDADES | N31: CUMPLE | O31: IG INGENIEROS Y ARQUITECTOS SAS | P31: 0.7 | Q31: 1127.5 | R31: =Q31*P31 -> 789.25
B33: VALOR SUMATORIA CONTRATOS ACREDITADOS PARA EXPERIENCIA HABILITANTE DEL PROPONENTE: | R33: =SUM(R29:R30) -> 2951.3305 | S33: =IF(R33>K18,"CUMPLE","NO CUMPLE") -> CUMPLE
Q35: 0.7 | R35: =(E18+Q35)/R36 -> 2391.2638
R36: 1300000
B48: NOTAS: 1. Para acreditar la experiencia el oferente deberá adjuntar las Actas de Liquidación o Acta de entrega o terminación o final o de recibo definitivo o Certificación de experienci o Acta de inicio o la orden de inicio, y adicional cualquier otro documento por medio del cual se soporte el cumplimiento de las condiciones de experiencia solicitadas en el Proceso. 2. En caso de encontrar discrepancias entre los valores reportados en el Formato y los registrados en el RUP, la Entidad tendrá en cuenta el orden de prevalencia realacionadoa anteriormente.

Sheet 2. K-Residual - 43
A1: FONDO DE DESARROLLO LOCAL DE USME
A2: LICITACIÓN PÚBLICA
A3: K-RESIDUAL
A4: =Datos!B3 -> FDLU-LP-010-2024 (117411)
A6: OBJETO | D6: =Datos!B2 -> CONTRATAR MEDIANTE EL SISTEMA DE PRECIOS UNITARIOS A MONTO AGOTABLE, LAS OBRAS DE REHABILITACIÓN Y/O CONSERVACIÓN Y/O MEJORAMIENTO Y/O MANTENIMIENTO DE PARQUES DE PROXIMIDAD DE LA LOCALIDAD DE USME
A8: POE (Presupuesto Oficial Estimado) | E8: =Datos!B4 -> 3108643000
A9: CAPACIDAD RESIDUAL DEL PROCESO DE CONTRATACIÓN (CRPC) | E9: =Datos!B4-E8*E11 -> 3108643000
A10: PLAZO (meses) | E10: 9
A11: ANTICIPO | E11: 0
A13: No. | B13: PROPONENTE | C13: Comp. % | D13: USO DE LA APLICACIÓN PARA ESTABLECER LA CAPACIDAD RESIDUAL, DE COLOMBIA COMPRA EFICIENTE | H13: CAPACIDAD RESIDUAL DEL PROPONENTE | I13: CUMPLE / NO CUMPLE | J13: OBSERVACIONES
A15: =+'1. Exp.Habilitante - 43'!B9 -> 1. | B15: =+'1. Exp.Habilitante - 43'!C9 -> IG INGENIEROS Y ARQUITECTOS SAS | C15: Comp. % | D15: USO DE LA APLICACIÓN PARA ESTABLECER LA CAPACIDAD RESIDUAL, DE COLOMBIA COMPRA EFICIENTE | H15: CAPACIDAD RESIDUAL DEL PROPONENTE | I15: CUMPLE / NO CUMPLE | J15: OBSERVACIONES
A16: =+'1. Exp.Habilitante - 43'!B9 -> 1. | B16: =+'1. Exp.Habilitante - 43'!K14 -> 0 | C16: =+'1. Exp.Habilitante - 43'!R14 -> 0 | D16: Ver Documento Anexo. 43. K-Residual IG INGENIEROS Y ARQUITECTOS SAS.pdf | H16: 18360232305 | I16: CUMPLE | J16: Sin Observaciones
A17: =+'1. Exp.Habilitante - 43'!B9 -> 1. | B17: =+'1. Exp.Habilitante - 43'!K15 -> 0 | C17: =+'1. Exp.Habilitante - 43'!R15 -> 0
A19: COMITÉ EVALUADOR

Sheet 3. Financiera y Org.
C1: FONDO DE DESARROLLO LOCAL DE USME
C2: LICITACIÓN PÚBLICA
C3: PROCESO FDLU-LP-004-2024
C4: FORMATO EVALUACIÓN PRELIMINAR CAPACIDAD FINANCIERA Y ORGANIZACIONAL DEL PROPONENTE
C6: OBJETO: | G6: CONTRATAR MEDIANTE EL SISTEMA DE PRECIOS UNITARIOS A MONTO AGOTABLE, LAS OBRAS DE REHABILITACIÓN Y/O CONSERVACIÓN Y/O MEJORAMIENTO Y/O MANTENIMIENTO DE PARQUES DE PROXIMIDAD DE LA LOCALIDAD DE USME,
C8: INDICADORES DEL PROCESO | G8: INDICE DE LIQUIDEZ | H8: INDICE DE ENDEUDAMIENTO | I8: RAZON DE COBERTURA DE INTERES | J8: RENTABILIDAD DEL PATRIMONIO | K8: RENTABILIDAD DEL ACTIVO | L8: CAPITAL DE TRABAJO
G9: > O = a 1,21 | H9: < O = a 70% | I9: > O = a 1 | J9: > O = a 0,04 | K9: > O = a 0,02 | L9: 3000000000
G10: 1.21 | H10: 0.7 | I10: 0.01 | J10: 0.04 | K10: 0.02 | L10: 3000000000
C11: INDICADORES DEL PROCESO CUMPLIMIENTO AL DECRETO 1860 DE 2021 | G11: INDICE DE LIQUIDEZ | H11: INDICE DE ENDEUDAMIENTO | I11: RAZON DE COBERTURA DE INTERES | J11: RENTABILIDAD DEL PATRIMONIO | K11: RENTABILIDAD DEL ACTIVO | L11: CAPITAL DE TRABAJO
G12: > O = a 1,11 | H12: < O = a 75% | I12: > O = a 0 | J12: > O = a 0,00 | K12: > O = a 0,00 | L12: 3000000000
G13: 1.11 | H13: 0.75 | I13: 0 | J13: 0 | K13: 0 | L13: 3000000000
G15: INDICADORES FINANCIEROS | M15: RESULTADOS
C16: OFERTA | D16: AÑO | E16: NIT | F16: NOMBRE DEL PROPONENTE | G16: INDICE DE LIQUIDEZ | H16: INDICE DE ENDEUDAMIENTO | I16: RAZON DE COBERTURA DE INTERES | J16: RENTABILIDAD DEL PATRIMONIO | K16: RENTABILIDAD DEL ACTIVO | L16: CAPITAL DE TRABAJO | M16: CUMPLE/ NO CUMPLE | N16: OBSERVACIONES
C17: 1 | E17: 2023CONSORCIO SAN GABRIEL | M17: CUMPLE
C18: 2 | E18: 0CONSORCIO VIAS PRO BOGOTA | M18: #N/A | N18: La propuesta NO presenta formato 2 de Documento de conformación de consorcio. Subsanar en el termino del traslado de la Evaluación
C19: 3 | E19: 2023CONSORCIO MALLA VIAL BAE | M19: CUMPLE
C20: 4 | E20: 2023CONSORCIO SAN PROTO | M20: CUMPLE
C21: 5 | E21: 2023CONSORCIO VIAS VMH. | M21: CUMPLE
C22: 6 | E22: 2023UNIÓN TEMPORAL RED VIAL | M22: CUMPLE
C23: 7 | E23: 2023 Consorcio Malla Vial Usme. | M23: CUMPLE
C24: 8 | E24: 2023Consorcio Espacio Público. | M24: CUMPLE
C25: 9 | E25: 2023CONSTRUCTORA CAMACON S A S | M25: CUMPLE
C26: 10 | E26: 2023CONSORCIO MVOBRAS4 | M26: CUMPLE
C27: 11 | E27: 2023CONSORCIO VIAL ABC 2024 | M27: CUMPLE
C28: 12 | E28: 2023CONSORCIO USME 004. | M28: CUMPLE
C29: 13 | E29: 2023CONSORCIO KAP-RED | M29: CUMPLE
C30: 14 | E30: 2023CONSORCIO CONSTRUVIAL USME 2024. | M30: CUMPLE
C31: 15 | E31: 2023CONSORCIO VIAL USME S&C. | M31: NO CUMPLE | N31: El pliego de condiciones indica: capital de trabajo requerido es el 20% del PO. Subsanar en el termino del traslado de la Evaluación
C32: 16 | E32: 2023CONSORCIO USME C4. | M32: CUMPLE
C33: 17 | E33: 2023CONSORCIO USMEIN BQ 2024. | M33: CUMPLE
C34: 18 | E34: 2023CONSORCIO MALLA VIAL USME | M34: CUMPLE
C35: 19 | E35: 2023CONSORCIO OBRAS VIALES BOGOTÁ. | M35: CUMPLE
C36: 20 | E36: 2023CONSORCIO VIAS USME P&E 2024. | M36: CUMPLE
C37: 21 | E37: 2023CONSORCIO VIAL USME | M37: CUMPLE
C38: 22 | E38: 2023 CONSORCIO RIK VIAL | M38: CUMPLE
C39: 23 | E39: 2023CONSORCIO OBRAS JH | M39: CUMPLE
C40: 24 | E40: 2023PROYECTOS DE INGENIERIA CIVIL LA FE S.A.S. | M40: CUMPLE
C41: 25 | E41: 2023CONSORCIO BYR-SG | M41: CUMPLE
C42: 26 | E42: 2023CONSORCIO CONSTRUCCIONES USME | M42: CUMPLE
C43: 27 | E43: 2023CONSORCIO CONSTRUCCIONES VIALES | M43: CUMPLE
... C53: 37 | E53: 2023CONSORCIO CONSTRUVÍAS | M53: CUMPLE
C54: 38 | E54: 0CONSORCIO LOCALIDAD DE USME | M54: #N/A | N54: La propuesta NO adjunta RUP de MAZ INTERVENTORES Y CONSULTORES S.A.S Subsanar en el termino del traslado de la Evaluación
C55: 39 | E55: 2023CONSORCIO VIAL USME. | M55: CUMPLE
C57: * Nota: En cumplimiento del Decreto 579 de 2021 y 1041 de 2022, artículo 3 parágrafo transitorio, el FDLU establecerá y evaluará los requisitos habilitantes de capacidad financiera y organizacional de los proponentes teniendo en cuenta la información que conste en el Registro Único de Proponentes (RUP) de los tres últimos años fiscales y se tendrá en cuenta el mejor año fiscal que refleje el respectivo RUP.
C58: COMITÉ EVALUADOR
G66: ADRIANA GORDILLO HUERTAS
C68: NOMBRE(S) PROFESIONALES DE EVALUACIÓN
C69: Profesional(es) de Planeación
